Workbook
Name Mabthera_AR: #REF!

Sheet Resumen
B2: EMPRESA
B3: FACTURA
B4: EVENTO | C4: CEAC 2027
B5: AREA
B6: FECHAS | C6: FEBRERO 2027
B7: LUGAR | C7: TBD
B8: SEDE | C8: TBD
B9: PAX | C9: 105
B10: SOLICITANTE
B11: COORDINADORA AGENCIA | C11: GISELA HERNANDEZ
B12: COORDINADOR ROCHE
C15: COTIZACIÓN | I15: CIERRE
B16: EVENTO | C16: CEAC 2027 | D16: CEAC 2027 | E16: CEAC 2027 | F16: CEAC 2027 | G16: CEAC 2027 | H16: CEAC 2027
B17: LUGAR | C17: CARTAGENA | D17: CARTAGENA | E17: PANAMÁ | F17: PANAMÁ | G17: CHILE | H17: CHILE
B18: SEDE | C18: HOTEL RADISSON | D18: HOTEL INTERCONTINENTAL | E18: WESTIN PANAMÁ | F18: HOTEL INTERCONTINENTAL | G18: SHERATON CHILE | H18: DOUBLETREE
B19: PAX | C19: 105 | D19: 105 | E19: 105 | F19: 105 | G19: 105 | H19: 105
B20: FECHA COTIZADA | C20: 22-26 Febrero 2027 | D20: 22-26 Febrero 2027 | E20: 22-26 Febrero 2027 | F20: 22-26 Febrero 2027 | G20: 22-26 Febrero 2027 | H20: 22-26 Febrero 2027
B21: HOSPEDAJE | C21: ='CARTAGENA RADISSON'!I31 -> 49787 | D21: ='CARTAGENA INTERCONTINENTAL'!I27 -> 49181 | E21: ='PANAMÁ Westin'!I29 -> 65503 | F21: ='PANAMÁ INTERCONTI'!I29 -> 56067.4 | G21: =CHILESheraton!I29 -> 56697 | H21: =CHILEDoubletree!I29 -> 35550 | I21: 0
B22: ALIMENTOS Y BEBIDAS | C22: ='CARTAGENA RADISSON'!I57 -> 215682.5 | D22: ='CARTAGENA INTERCONTINENTAL'!I53 -> 173916.8 | E22: ='PANAMÁ Westin'!I43 -> 46730.25 | F22: ='PANAMÁ INTERCONTI'!I43 -> 49145.25 | G22: =CHILESheraton!I43 -> 86094.75 | H22: =CHILEDoubletree!I43 -> 92132.25 | I22: 0
B23: MONTAJE/ SALONES | C23: ='CARTAGENA RADISSON'!I65 -> 57426 | D23: ='CARTAGENA INTERCONTINENTAL'!I61 -> 58526 | E23: ='PANAMÁ Westin'!I51 -> 10026.25 | F23: ='PANAMÁ INTERCONTI'!I51 -> 10026.25 | G23: =CHILESheraton!I51 -> 24171.25 | H23: =CHILEDoubletree!I51 -> 20548.75 | I23: 0
B24: EQUIPO AUDIOVISUAL | C24: ='CARTAGENA RADISSON'!I108 -> 71084 | D24: ='CARTAGENA INTERCONTINENTAL'!I104 -> 70686 | E24: ='PANAMÁ Westin'!I104 -> 48894 | F24: ='PANAMÁ INTERCONTI'!I104 -> 48894 | G24: =CHILESheraton!I103 -> 45909 | H24: =CHILEDoubletree!I103 -> 48609 | I24: 0
B25: STANDS | C25: =+'CARTAGENA RADISSON'!F112 -> 0 | D25: =+'CARTAGENA INTERCONTINENTAL'!F108 -> 0 | E25: =+'PANAMÁ Westin'!F108 -> 0 | F25: =+'PANAMÁ INTERCONTI'!F108 -> 0 | G25: =+CHILESheraton!F107 -> 0 | H25: =+CHILEDoubletree!F107 -> 0 | I25: 0
B26: CONTENIDO INTERACTIVO | C26: =+'CARTAGENA RADISSON'!F116 -> 0 | D26: =+'CARTAGENA INTERCONTINENTAL'!F112 -> 0 | E26: =+'PANAMÁ Westin'!F112 -> 0 | F26: =+'PANAMÁ INTERCONTI'!F112 -> 0 | G26: =+CHILESheraton!F111 -> 0 | H26: =+CHILEDoubletree!F111 -> 0 | I26: 0
B27: INSCRIPCIÓN | C27: =+'CARTAGENA RADISSON'!F120 -> 0 | D27: =+'CARTAGENA INTERCONTINENTAL'!F116 -> 0 | E27: =+'PANAMÁ Westin'!F116 -> 0 | F27: =+'PANAMÁ INTERCONTI'!F116 -> 0 | G27: =+CHILESheraton!F115 -> 0 | H27: =+CHILEDoubletree!F115 -> 0 | I27: 0
B28: AMBULANCIA | C28: =+'CARTAGENA RADISSON'!F124 -> 0 | D28: =+'CARTAGENA INTERCONTINENTAL'!F120 -> 0 | E28: =+'PANAMÁ Westin'!F120 -> 0 | F28: =+'PANAMÁ INTERCONTI'!F120 -> 0 | G28: =+CHILESheraton!F119 -> 0 | H28: =+CHILEDoubletree!F119 -> 0 | I28: 0
B29: OTROS | C29: ='CARTAGENA RADISSON'!I160 -> 107944 | D29: ='CARTAGENA INTERCONTINENTAL'!I156 -> 100069 | E29: ='PANAMÁ Westin'!I140 -> 114020 | F29: ='PANAMÁ INTERCONTI'!I140 -> 114020 | G29: =CHILESheraton!I139 -> 92895 | H29: =CHILEDoubletree!I139 -> 92895 | I29: 0
B30: TRASLADOS TERRESTRES | C30: ='CARTAGENA RADISSON'!I170 -> 13440 | D30: ='CARTAGENA INTERCONTINENTAL'!I166 -> 13440 | E30: ='PANAMÁ Westin'!I170 -> 16800 | F30: ='PANAMÁ INTERCONTI'!I170 -> 16800 | G30: =CHILESheraton!I169 -> 15330 | H30: =CHILEDoubletree!I169 -> 15330 | I30: 0
B31: TRASLADOS AEREOS | C31: ='CARTAGENA RADISSON'!I197 -> 88451.345 | D31: ='CARTAGENA INTERCONTINENTAL'!I192 -> 88451.345 | E31: ='PANAMÁ Westin'!I196 -> 72389.058 | F31: ='PANAMÁ INTERCONTI'!I196 -> 72389.058 | G31: =CHILESheraton!I194 -> 81895.13 | H31: =CHILEDoubletree!I194 -> 81895.13 | I31: 0
B32: GASTOS DE OPERACIÓN | C32: ='CARTAGENA RADISSON'!I208 -> 23160 | D32: ='CARTAGENA INTERCONTINENTAL'!I203 -> 23160 | E32: ='PANAMÁ Westin'!I208 -> 23160 | F32: ='PANAMÁ INTERCONTI'!I208 -> 23160 | G32: =CHILESheraton!I206 -> 23900 | H32: =CHILEDoubletree!I206 -> 23900 | I32: 0
B33: FEE DE AGENCIA | C33: ='CARTAGENA RADISSON'!I212 -> 29209.98 | D33: ='CARTAGENA INTERCONTINENTAL'!I207 -> 26588.04 | E33: ='PANAMÁ Westin'!I212 -> 17738.52 | F33: ='PANAMÁ INTERCONTI'!I212 -> 17298.384 | G33: =CHILESheraton!I210 -> 18467.16 | H33: =CHILEDoubletree!I210 -> 17486.34 | I33: 0
B35: TOTAL APROXIMADO EN DÓLARES AMERICANOS | C35: =SUM(C21:C33) -> 656184.82 | D35: =SUM(D21:D33) -> 604018.18 | E35: =SUM(E21:E33) -> 415261.08 | F35: =SUM(F21:F33) -> 407800.34 | G35: =SUM(G21:G33) -> 445359.29 | H35: =SUM(H21:H33) -> 428346.47 | I35: =SUM(I21:I33) -> 0
B37: COSTO POR PERSONA | C37: =C35/C19 -> 6249.3793 | D37: =D35/D19 -> 5752.5541 | E37: =E35/E19 -> 3954.8674 | F37: =F35/F19 -> 3883.8128 | G37: =G35/G19 -> 4241.517 | H37: =H35/H19 -> 4079.4902 | I37: =I35/I19 -> #DIV/0!
B39: VARIACIÓN MONETARIA | I39: =#REF!-I35 -> #REF!
B40: VARIACIÓN % | I40: =I35-#REF!/1 -> #REF!

Sheet CARTAGENA RADISSON
B1: EMPRESA | C1: PRODUCTOS ROCHE
B2: FACTURA | C2: PRODUCTOS
B3: EVENTO | C3: CEAC 2027
B4: AREA
B5: FECHAS | C5: 22 - 26 FEBRERO 2027
B6: LUGAR | C6: CARTAGENA
B7: SEDE | C7: RADISSON
B8: PAX | C8: 105
B9: SOLICITANTE
B10: COORDINADORA AGENCIA | C10: GISELA HERNÁNDEZ
B11: COORDINADOR ROCHE
A13: No. | B13: DESCRIPCION | C13: COSTO | D13: No. | E13: No. | F13: SUBTOTAL | G13: 0.15 | H13: OTROS | I13: TOTAL
C14: UNIT | D14: SERVICIOS | E14: DIAS | F14: SIN IVA | G14: SERVICIO | H14: IMPUESTOS
B16: HOSPEDAJE RADISSON CARTAGENA OCEAN PAVILLION
A17: 21 FEB | B17: Superior Sencilla | C17: 207 | D17: 2 | E17: 1 | F17: =D17*E17*C17 -> 414 | G17: =F17*(0/100) -> 0 | H17: 0 | I17: =SUM(F17:H17) -> 414
A18: 22 FEB | B18: Superior Sencilla | C18: 207 | D18: 17 | E18: 1 | F18: =D18*E18*C18 -> 3519 | G18: =F18*(0/100) -> 0 | H18: 0 | I18: =SUM(F18:H18) -> 3519
B19: Junior Suite Sencilla | C19: 207 | D19: 2 | E19: 1 | F19: =D19*E19*C19 -> 414 | G19: =F19*(0/100) -> 0 | H19: 0 | I19: =SUM(F19:H19) -> 414
B20: Superior Doble | C20: 229 | D20: 20 | E20: 1 | F20: =D20*E20*C20 -> 4580 | G20: =F20*(0/100) -> 0 | H20: 0 | I20: =SUM(F20:H20) -> 4580
A21: 23 FEB | B21: Superior Sencilla | C21: 207 | D21: 17 | E21: 1 | F21: =D21*E21*C21 -> 3519 | G21: =F21*(0/100) -> 0 | H21: 0 | I21: =SUM(F21:H21) -> 3519
B22: Junior Suite Sencilla | C22: 207 | D22: 2 | E22: 1 | F22: =D22*E22*C22 -> 414 | G22: =F22*(0/100) -> 0 | H22: 0 | I22: =SUM(F22:H22) -> 414
B23: Superior Doble | C23: 229 | D23: 42 | E23: 1 | F23: =D23*E23*C23 -> 9618 | G23: =F23*(0/100) -> 0 | H23: 0 | I23: =SUM(F23:H23) -> 9618
A24: 24 FEB | B24: Superior Sencilla | C24: 207 | D24: 17 | E24: 1 | F24: =D24*E24*C24 -> 3519 | G24: =F24*(0/100) -> 0 | H24: 0 | I24: =SUM(F24:H24) -> 3519
B25: Junior Suite Sencilla | C25: 207 | D25: 2 | E25: 1 | F25: =D25*E25*C25 -> 414 | G25: =F25*(0/100) -> 0 | H25: 0 | I25: =SUM(F25:H25) -> 414
B26: Superior Doble | C26: 229 | D26: 42 | E26: 1 | F26: =D26*E26*C26 -> 9618 | G26: =F26*(0/100) -> 0 | H26: 0 | I26: =SUM(F26:H26) -> 9618
A27: 25 FEB | B27: Superior Sencilla | C27: 207 | D27: 17 | E27: 1 | F27: =D27*E27*C27 -> 3519 | G27: =F27*(0/100) -> 0 | H27: 0 | I27: =SUM(F27:H27) -> 3519
B28: Junior Suite Sencilla | C28: 207 | D28: 2 | E28: 1 | F28: =D28*E28*C28 -> 414 | G28: =F28*(0/100) -> 0 | H28: 0 | I28: =SUM(F28:H28) -> 414
B29: Superior Doble | C29: 229 | D29: 42 | E29: 1 | F29: =D29*E29*C29 -> 9618 | G29: =F29*(0/100) -> 0 | H29: 0 | I29: =SUM(F29:H29) -> 9618
A30: 26 FEB | B30: Superior Sencilla | C30: 207 | D30: 1 | E30: 1 | F30: =D30*E30*C30 -> 207 | G30: =F30*(0/100) -> 0 | H30: 0 | I30: =SUM(F30:H30) -> 207
B31: SUB TOTAL | F31: =SUM(F17:F30) -> 49787 | G31: =SUM(G17:G30) -> 0 | H31: =SUM(H17:H30) -> 0 | I31: =SUM(I17:I30) -> 49787
B33: ALIMENTOS Y BEBIDAS
B34: Coffee Break AM 1 Pasaboca + Jugo Natural de temporada | C34: 14 | D34: 105 | E34: 4 | F34: =C34*D34*E34 -> 5880 | G34: =F34*(15/100) -> 882 | I34: =SUM(F34:H34) -> 6762
B35: Coffee Break PM 1 Pasaboca + Jugo Natural de temporada | C35: 14 | D35: 105 | E35: 4 | F35: =C35*D35*E35 -> 5880 | G35: =F35*(15/100) -> 882 | I35: =SUM(F35:H35) -> 6762
B36: Estación de café corporativo Café, aromática, te, instacream, leche, dulces y agua de 200 mlt. Dos Galleticas por pax | C36: 12 | D36: 105 | E36: 4 | F36: =C36*D36*E36 -> 5040 | G36: =F36*(15/100) -> 756 | I36: =SUM(F36:H36) -> 5796
B37: Almuerzo Buffet | C37: 60 | D37: 105 | E37: 4 | F37: =C37*D37*E37 -> 25200 | G37: =F37*(15/100) -> 3780 | I37: =SUM(F37:H37) -> 28980
B38: Bebida para almuerzo Gaseosa o limonada natural | C38: 7 | D38: 105 | E38: 4 | F38: =C38*D38*E38 -> 2940 | G38: =F38*(15/100) -> 441 | I38: =SUM(F38:H38) -> 3381
B39: Servicio A&B | C39: 63 | D39: 8 | E39: 4 | F39: =C39*D39*E39 -> 2016 | G39: =F39*(15/100) -> 302.4 | I39: =SUM(F39:H39) -> 2318.4
A40: 23-25 FEB | B40: Cena Buffet | C40: 60 | D40: 105 | E40: 3 | F40: =C40*D40*E40 -> 18900 | G40: =F40*(15/100) -> 2835 | I40: =SUM(F40:H40) -> 21735
A41: 23-25 FEB | B41: Bebida para Cena Gaseosa o limonada natural | C41: 7 | D41: 105 | E41: 3 | F41: =C41*D41*E41 -> 2205 | G41: =F41*(15/100) -> 330.75 | I41: =SUM(F41:H41) -> 2535.75
A42: 25 FEB | B42: Open Bar Premium Whiskies 12 años,Vino de la Casa Tinto o Blanco, Cervezas Importadas, Ginebras, Vodkas, Agua Mineral, Gaseosas. | C42: 236 | D42: 105 | E42: 1 | F42: =C42*D42*E42 -> 24780 | G42: =F42*(15/100) -> 3717 | I42: =SUM(F42:H42) -> 28497
B43: Servicio A&B para cenas | C43: 63 | D43: 8 | E43: 3 | F43: =C43*D43*E43 -> 1512 | G43: =F43*(15/100) -> 226.8 | I43: =SUM(F43:H43) -> 1738.8
B44: Meseros Almuerzo y reunión | C44: 63 | D44: 7 | E44: 2 | F44: =C44*D44*E44 -> 882 | G44: =F44*(15/100) -> 132.3 | I44: =SUM(F44:H44) -> 1014.3
A45: 23 FEB | B45: Coctel de bienvenida | C45: 22 | D45: 105 | E45: 1 | F45: =C45*D45*E45 -> 2310 | G45: =F45*(15/100) -> 346.5 | I45: =SUM(F45:H45) -> 2656.5
B46: Cena menu servido 4 tiempos | C46: 155 | D46: 105 | E46: 1 | F46: =C46*D46*E46 -> 16275 | G46: =F46*(15/100) -> 2441.25 | I46: =SUM(F46:H46) -> 18716.25
B47: Mezcladores ilimitados | C47: 22 | D47: 105 | E47: 1 | F47: =C47*D47*E47 -> 2310 | G47: =F47*(15/100) -> 346.5 | I47: =SUM(F47:H47) -> 2656.5
B48: Botellas de vino blanco o tinto de la casa - 2 copas por persona | C48: 105 | D48: 48 | E48: 1 | F48: =C48*D48*E48 -> 5040 | G48: =F48*(15/100) -> 756 | I48: =SUM(F48:H48) -> 5796
B49: Cervezas | C49: 8 | D49: 105 | E49: 1 | F49: =C49*D49*E49 -> 840 | G49: =F49*(15/100) -> 126 | I49: =SUM(F49:H49) -> 966
B50: Café o aromatica | C50: 6 | D50: 105 | E50: 1 | F50: =C50*D50*E50 -> 630 | G50: =F50*(15/100) -> 94.5 | I50: =SUM(F50:H50) -> 724.5
B51: Don Julio Blanco 2 tragos por persona | C51: 167 | D51: 15 | E51: 1 | F51: =C51*D51*E51 -> 2505 | G51: =F51*(15/100) -> 375.75 | I51: =SUM(F51:H51) -> 2880.75
B52: Personal de servicio 12 meseros 6 cocineros 4 Steward 4 Bartender 06 Montaje y desmontaje 1 Domicilio | C52: 5765 | D52: 1 | E52: 1 | F52: =C52*D52*E52 -> 5765 | G52: =F52*(15/100) -> 864.75 | I52: =SUM(F52:H52) -> 6629.75
A53: 24 FEB | B53: ALMUERZO EN EL RESTAURANTE CANDE Valor menu 3 tiempos incluye: Un coctel de bienvenida, una botella de agua, 1 copa de vino de la casa | C53: 135 | D53: 105 | E53: 1 | F53: =C53*D53*E53 -> 14175 | G53: =F53*(15/100) -> 2126.25 | I53: =SUM(F53:H53) -> 16301.25
A54: 25 FEB | B54: Cena menu plato servido 4 tiempos | C54: 15600 | D54: 1 | E54: 1 | F54: =C54*D54*E54 -> 15600 | G54: =F54*(15/100) -> 2340 | I54: =SUM(F54:H54) -> 17940
A55: 25 FEB | B55: Bar abierto * 5 horas de vino porterage tinto y blanco, moscow mule absolut, gon & tonic tanqueray london, mojit- ron bacardi carta blanca, cerveza club colombia, agua | C55: 223 | D55: 105 | E55: 1 | F55: =C55*D55*E55 -> 23415 | G55: =F55*(15/100) -> 3512.25 | I55: =SUM(F55:H55) -> 26927.25
A56: 25 FEB | B56: Personal de servicio 14 meseros + 1 capitan de meseros+ 2 auxiliar de bares + 3 bartender | C56: 3450 | D56: 1 | E56: 1 | F56: =C56*D56*E56 -> 3450 | G56: =F56*(15/100) -> 517.5 | I56: =SUM(F56:H56) -> 3967.5
B57: SUB TOTAL | F57: =SUM(F34:F56) -> 187550 | G57: =SUM(G34:G56) -> 28132.5 | H57: =SUM(H34:H56) -> 0 | I57: =SUM(I34:I56) -> 215682.5
B59: MONTAJE / SALONES
B60: Salón Cañones | C60: 0 | D60: 0 | E60: 0 | F60: =C60*D60*E60 -> 0 | G60: =F60*(15/100) -> 0 | I60: =SUM(F60:H60) -> 0
A61: 25 FEB | B61: Servicio de Montaje y desmonaje de A&B salon cena de despedida | C61: 63 | D61: 4 | E61: 3 | F61: =C61*D61*E61 -> 756 | G61: 0 | I61: =SUM(F61:H61) -> 756
A62: 23 FEB | B62: Alquiler teatro Adolfo Mejía | C62: 50000 | D62: 1 | E62: 1 | F62: =C62*D62*E62 -> 50000 | G62: 0 | I62: =SUM(F62:H62) -> 50000
B63: Seguridad y limpieza | C63: 3335 | D63: 1 | E63: 1 | F63: =C63*D63*E63 -> 3335 | G63: 0 | I63: =SUM(F63:H63) -> 3335
B64: Permisos de uso de Espacio Publico, Sayco y Acinpro | C64: 3335 | D64: 1 | E64: 1 | F64: =C64*D64*E64 -> 3335 | G64: 0 | I64: =SUM(F64:H64) -> 3335
B65: SUB TOTAL | F65: =SUM(F60:F64) -> 57426 | G65: =SUM(G60:G64) -> 0 | H65: =SUM(H60:H64) -> 0 | I65: =SUM(I60:I64) -> 57426
B67: EQUIPO AUDIOVISUAL
B68: DISPLAY Photo Opportunity: Back de 3.00 metros de ancho X 2.5 metros de alto realizado en MDF y terminado en vinil impreso en base a diseño. Base de las letras: 2.8 metros de ancho X 0.10 metros de altura X 0.30 metros de profundidad Letras (todas juntas) 2.8 metros de ancho X 0.50 metros de altura X 0.10 metros de profundidad. | C68: 8215 | D68: 1 | E68: 1 | F68: =C68*D68*E68 -> 8215 | G68: 0 | I68: =SUM(F68:H68) -> 8215
B69: DISEÑO Generación de paquete gráfico (Save the date, Invitaciones, reminder, master graphic), animación de MG | C69: 1576 | D69: 1 | E69: 1 | F69: =C69*D69*E69 -> 1576 | G69: 0 | I69: =SUM(F69:H69) -> 1576
B70: VIDEO Pantalla LED de 3.5X2m con tarima a 1.20 m de altura NT700 (700W RMS) | C70: 1506 | D70: 2 | E70: 2 | F70: =C70*D70*E70 -> 6024 | G70: 0 | I70: =SUM(F70:H70) -> 6024
B71: TV 55" retorno de piso | C71: 346 | D71: 2 | E71: 2 | F71: =C71*D71*E71 -> 1384 | G71: 0 | I71: =SUM(F71:H71) -> 1384
B72: Procesador de vídeo | C72: 1199 | D72: 1 | E72: 2 | F72: =C72*D72*E72 -> 2398 | G72: 0 | I72: =SUM(F72:H72) -> 2398
B73: Distribuidor de señal | C73: 52 | D73: 1 | E73: 2 | F73: =C73*D73*E73 -> 104 | G73: 0 | I73: =SUM(F73:H73) -> 104
B74: Switcher Roland | C74: 158 | D74: 1 | E74: 2 | F74: =C74*D74*E74 -> 316 | G74: 0 | I74: =SUM(F74:H74) -> 316
B75: Laptop para presentaciones | C75: 134 | D75: 2 | E75: 2 | F75: =C75*D75*E75 -> 536 | G75: 0 | I75: =SUM(F75:H75) -> 536
B76: Presentador inalambrico Perfect cue | C76: 106 | D76: 1 | E76: 2 | F76: =C76*D76*E76 -> 212 | G76: 0 | I76: =SUM(F76:H76) -> 212
B77: Sistema Intercom (X6) | C77: 506 | D77: 1 | E77: 2 | F77: =C77*D77*E77 -> 1012 | G77: 0 | I77: =SUM(F77:H77) -> 1012
B78: AUDIO Sistema de Sonido | C78: 506 | D78: 1 | E78: 2 | F78: =C78*D78*E78 -> 1012 | G78: 0 | I78: =SUM(F78:H78) -> 1012
B79: Consola Digital | C79: 323 | D79: 1 | E79: 2 | F79: =C79*D79*E79 -> 646 | G79: 1 | I79: =SUM(F79:H79) -> 647
... B106: Viáticos | C106: 102 | D106: 1 | E106: 4 | F106: =C106*D106*E106 -> 408 | G106: 20 | I106: =SUM(F106:H106) -> 428
A107: 22 FEB | B107: Iluminacion basica del teatro: Fachada, foyer, platea, mesas, escenario. Equipos: 1 pantalla led, estructura para la pantalla, sonido, 3 microfonos inalambricos, generador electrico | C107: 16670 | D107: 1 | E107: 1 | F107: =C107*D107*E107 -> 16670 | G107: 0 | I107: =SUM(F107:H107) -> 16670
B108: SUB TOTAL | F108: =SUM(F68:F107) -> 70686 | G108: =SUM(G68:G107) -> 398 | H108: =SUM(H68:H107) -> 0 | I108: =SUM(I68:I107) -> 71084
B110: STANDS
F111: =C111*D111*E111 -> 0 | I111: =SUM(F111:H111) -> 0
B112: SUB TOTAL | F112: =SUM(F111:F111) -> 0 | G112: =SUM(G111:G111) -> 0 | H112: =SUM(H111:H111) -> 0 | I112: =SUM(I111:I111) -> 0
B114: CONTENIDO INTERACTIVO
F115: =C115*D115*E115 -> 0 | I115: =SUM(F115:H115) -> 0
B116: SUB TOTAL | F116: =SUM(F115:F115) -> 0 | G116: =SUM(G115:G115) -> 0 | H116: =SUM(H115:H115) -> 0 | I116: =SUM(I115:I115) -> 0
B118: INSCRIPCIONES
F119: =C119*D119*E119 -> 0 | I119: =SUM(F119:H119) -> 0
B120: SUB TOTAL | F120: =SUM(F119:F119) -> 0 | G120: =SUM(G119:G119) -> 0 | H120: =SUM(H119:H119) -> 0 | I120: =SUM(I119:I119) -> 0
B122: AMBULANCIA
F123: =C123*D123*E123 -> 0 | I123: =SUM(F123:H123) -> 0
B124: SUB TOTAL | F124: =SUM(F123:F123) -> 0 | G124: =SUM(G123:G123) -> 0 | H124: =SUM(H123:H123) -> 0 | I124: =SUM(I123:I123) -> 0
B126: OTROS
A127: 23 FEB | B127: Mobiliario y decoración cena teatro Adolfo Mejía Sillas, mesas, centros de mesa, manteleria, cuberteria | C127: 9120 | D127: 1 | E127: 1 | F127: =C127*D127*E127 -> 9120 | I127: =SUM(F127:H127) -> 9120
B128: Pianista para la llegada - 1 set de 30 minutos - ( musica variada de piano) | C128: 780 | D128: 1 | E128: 1 | F128: =C128*D128*E128 -> 780 | I128: =SUM(F128:H128) -> 780
B129: Flash Mob | C129: 24450 | D129: 1 | E129: 1 | F129: =C129*D129*E129 -> 24450 | I129: =SUM(F129:H129) -> 24450
B130: Violinistas durante la cena - 2 sets de 45 minutos cada uno | C130: 2780 | D130: 1 | E130: 1 | F130: =C130*D130*E130 -> 2780 | I130: =SUM(F130:H130) -> 2780
B131: DJ por hora Servicio por 3 hrs | C131: 192 | D131: 3 | E131: 2 | F131: =C131*D131*E131 -> 1152 | I131: =SUM(F131:H131) -> 1152
B132: Personal de Apoyo logístico uniformado encargado de dar la bienvenida, acomodar a los invitados , cuidar mesas reservadas en caso de haberlas | C132: 167 | D132: 4 | E132: 1 | F132: =C132*D132*E132 -> 668 | I132: =SUM(F132:H132) -> 668
B133: Coordinador de montaje y desmontaje del evento | C133: 167 | D133: 2 | E133: 1 | F133: =C133*D133*E133 -> 334 | I133: =SUM(F133:H133) -> 334
A134: 25 REB | B134: Valor por persona Ruta Patrimonio, Cartagena, historia y sabores. | C134: 128 | D134: 105 | E134: 1 | F134: =C134*D134*E134 -> 13440 | I134: =SUM(F134:H134) -> 13440
A135: 25 FEB | B135: CARNAVAL DE CALLE 4 mulatas + 4 tamboreros, corta caminata 10 minutos aproximado por las principales callecitas finalizando en el baluarte | C135: 3350 | D135: 1 | E135: 1 | F135: =C135*D135*E135 -> 3350 | I135: =SUM(F135:H135) -> 3350
B136: AREAS Exclusividad del baluarte San Francisco Javier disponible hasta las 2am | C136: 11670 | D136: 1 | E136: 1 | F136: =C136*D136*E136 -> 11670 | I136: =SUM(F136:H136) -> 11670
...

Sheet CARTAGENA INTERCONTINENTAL
B1: EMPRESA | C1: PRODUCTOS ROCHE
B2: FACTURA | C2: PRODUCTOS
B3: EVENTO | C3: CEAC 2027
B4: AREA
B5: FECHAS | C5: 22 - 26 FEBRERO 2027
B6: LUGAR | C6: CARTAGENA, COL.
B7: SEDE | C7: INTERCONTINENTAL
B8: PAX | C8: 105
B9: SOLICITANTE
B10: COORDINADORA AGENCIA | C10: GISELA HERNÁNDEZ
B11: COORDINADOR ROCHE
A13: No. | B13: DESCRIPCION | C13: COSTO | D13: No. | E13: No. | F13: SUBTOTAL | G13: 0.15 | H13: OTROS | I13: TOTAL
C14: UNIT | D14: SERVICIOS | E14: DIAS | F14: SIN IVA | G14: SERVICIO | H14: IMPUESTOS
B16: HOSPEDAJE INTERCONTINENTAL CARTAGENA DE INDIAS
A17: 21 FEB | B17: Habitacion sencilla | C17: 200 | D17: 2 | E17: 1 | F17: =D17*E17*C17 -> 400 | G17: =F17*(0/100) -> 0 | H17: 0 | I17: =SUM(F17:H17) -> 400
A18: 22 FEB | B18: Habitacion sencilla | C18: 200 | D18: 19 | E18: 1 | F18: =D18*E18*C18 -> 3800 | G18: =F18*(0/100) -> 0 | H18: 0 | I18: =SUM(F18:H18) -> 3800
B19: Superior Doble | C19: 223 | D19: 21 | E19: 1 | F19: =D19*E19*C19 -> 4683 | G19: =F19*(0/100) -> 0 | H19: 0 | I19: =SUM(F19:H19) -> 4683
A20: 23 FEB | B20: Habitacion sencilla | C20: 200 | D20: 20 | E20: 1 | F20: =D20*E20*C20 -> 4000 | G20: =F20*(0/100) -> 0 | H20: 0 | I20: =SUM(F20:H20) -> 4000
B21: Superior Doble | C21: 223 | D21: 42 | E21: 1 | F21: =D21*E21*C21 -> 9366 | G21: =F21*(0/100) -> 0 | H21: 0 | I21: =SUM(F21:H21) -> 9366
A22: 24 FEB | B22: Habitacion sencilla | C22: 200 | D22: 20 | E22: 1 | F22: =D22*E22*C22 -> 4000 | G22: =F22*(0/100) -> 0 | H22: 0 | I22: =SUM(F22:H22) -> 4000
B23: Superior Doble | C23: 223 | D23: 42 | E23: 1 | F23: =D23*E23*C23 -> 9366 | G23: =F23*(0/100) -> 0 | H23: 0 | I23: =SUM(F23:H23) -> 9366
A24: 25 FEB | B24: Habitacion sencilla | C24: 200 | D24: 20 | E24: 1 | F24: =D24*E24*C24 -> 4000 | G24: =F24*(0/100) -> 0 | H24: 0 | I24: =SUM(F24:H24) -> 4000
B25: Superior Doble | C25: 223 | D25: 42 | E25: 1 | F25: =D25*E25*C25 -> 9366 | G25: =F25*(0/100) -> 0 | H25: 0 | I25: =SUM(F25:H25) -> 9366
A26: 26 FEB | B26: Habitacion sencilla | C26: 200 | D26: 1 | E26: 1 | F26: =D26*E26*C26 -> 200 | G26: =F26*(0/100) -> 0 | H26: 0 | I26: =SUM(F26:H26) -> 200
B27: SUB TOTAL | F27: =SUM(F17:F26) -> 49181 | G27: =SUM(G17:G26) -> 0 | H27: =SUM(H17:H26) -> 0 | I27: =SUM(I17:I26) -> 49181
B29: ALIMENTOS Y BEBIDAS
A30: 23-25 FEB | B30: Coffee Break Am 2 Pasabocas Jugo O Gaseosa | C30: 16 | D30: 105 | E30: 3 | F30: =C30*D30*E30 -> 5040 | G30: =F30*(15/100) -> 756 | I30: =SUM(F30:H30) -> 5796
B31: Coffee Break Pm 2 Pasabocas Jugo O Gaseosa | C31: 16 | D31: 105 | E31: 3 | F31: =C31*D31*E31 -> 5040 | G31: =F31*(15/100) -> 756 | I31: =SUM(F31:H31) -> 5796
B32: Estacion De Cafe Y Galletas Agua Caliente Aromatica Cafe Galletas Leche Te | C32: 12 | D32: 105 | E32: 3 | F32: =C32*D32*E32 -> 3780 | G32: =F32*(15/100) -> 567 | I32: =SUM(F32:H32) -> 4347
B33: Meseros | C33: 38 | D33: 10 | E33: 3 | F33: =C33*D33*E33 -> 1140 | G33: =F33*(15/100) -> 171 | I33: =SUM(F33:H33) -> 1311
B34: Almuerzo Buffet 3tiempos Restaurante Kanuu Y Kanuu 6m Y Oceanika | C34: 43 | D34: 105 | E34: 3 | F34: =C34*D34*E34 -> 13545 | G34: =F34*(15/100) -> 2031.75 | I34: =SUM(F34:H34) -> 15576.75
B35: Bebida Suave Jugo o gaseosa | C35: 7 | D35: 105 | E35: 3 | F35: =C35*D35*E35 -> 2205 | G35: =F35*(15/100) -> 330.75 | I35: =SUM(F35:H35) -> 2535.75
B36: CENA Sunset Pool Terrace | C36: 43 | D36: 105 | E36: 3 | F36: =C36*D36*E36 -> 13545 | G36: =F36*(15/100) -> 2031.75 | I36: =SUM(F36:H36) -> 15576.75
B37: Botella de vino 02 copas por persona | C37: 37 | D37: 42 | E37: 3 | F37: =C37*D37*E37 -> 4662 | G37: =F37*(15/100) -> 699.3 | I37: =SUM(F37:H37) -> 5361.3
B38: Bebida Suave Jugo o gaseosa | C38: 7 | D38: 105 | E38: 3 | F38: =C38*D38*E38 -> 2205 | G38: =F38*(15/100) -> 330.75 | I38: =SUM(F38:H38) -> 2535.75
B39: Meseros | C39: 38 | D39: 10 | E39: 3 | F39: =C39*D39*E39 -> 1140 | G39: =F39*(15/100) -> 171 | I39: =SUM(F39:H39) -> 1311
A40: 25 FEB | B40: Open Bar Superior 4 Horas Bebidas Suaves ( Gaseosa,Agua Con Y Sin Gas ) Cocteles Clasicos Con El Licor Incluido Ginebra Beefeater Ron Habana Club 7 Años Vino De La Casa Blanco Y Tinto Vodka Smirnoff Red Whisky Jw Black Label | C40: 63 | D40: 105 | E40: 1 | F40: =C40*D40*E40 -> 6615 | G40: =F40*(15/100) -> 992.25 | I40: =SUM(F40:H40) -> 7607.25
A41: 23 FEB | B41: Coctel de bienvenida | C41: 22 | D41: 105 | E41: 1 | F41: =C41*D41*E41 -> 2310 | G41: =F41*(15/100) -> 346.5 | I41: =SUM(F41:H41) -> 2656.5
B42: Cena menu servido 4 tiempos | C42: 155 | D42: 105 | E42: 1 | F42: =C42*D42*E42 -> 16275 | G42: =F42*(15/100) -> 2441.25 | I42: =SUM(F42:H42) -> 18716.25
B43: Mezcladores ilimitados | C43: 22 | D43: 105 | E43: 1 | F43: =C43*D43*E43 -> 2310 | G43: =F43*(15/100) -> 346.5 | I43: =SUM(F43:H43) -> 2656.5
B44: Botellas de vino blanco o tinto de la casa - 2 copas por persona | C44: 105 | D44: 48 | E44: 1 | F44: =C44*D44*E44 -> 5040 | G44: =F44*(15/100) -> 756 | I44: =SUM(F44:H44) -> 5796
B45: Cervezas | C45: 8 | D45: 105 | E45: 1 | F45: =C45*D45*E45 -> 840 | G45: =F45*(15/100) -> 126 | I45: =SUM(F45:H45) -> 966
B46: Café o aromatica | C46: 6 | D46: 105 | E46: 1 | F46: =C46*D46*E46 -> 630 | G46: =F46*(15/100) -> 94.5 | I46: =SUM(F46:H46) -> 724.5
B47: Don Julio Blanco 2 tragos por persona | C47: 167 | D47: 15 | E47: 1 | F47: =C47*D47*E47 -> 2505 | G47: =F47*(15/100) -> 375.75 | I47: =SUM(F47:H47) -> 2880.75
B48: Personal de servicio 12 meseros 6 cocineros 4 Steward 4 Bartender 06 Montaje y desmontaje 1 Domicilio | C48: 5765 | D48: 1 | E48: 1 | F48: =C48*D48*E48 -> 5765 | G48: =F48*(15/100) -> 864.75 | I48: =SUM(F48:H48) -> 6629.75
A49: 24 FEB | B49: ALMUERZO EN EL RESTAURANTE CANDE Valor menu 3 tiempos incluye: Un coctel de bienvenida, una botella de agua, 1 copa de vino de la casa | C49: 135 | D49: 105 | E49: 1 | F49: =C49*D49*E49 -> 14175 | G49: =F49*(15/100) -> 2126.25 | I49: =SUM(F49:H49) -> 16301.25
A50: 25 FEB | B50: Cena menu plato servido 4 tiempos | C50: 15600 | D50: 1 | E50: 1 | F50: =C50*D50*E50 -> 15600 | G50: =F50*(15/100) -> 2340 | I50: =SUM(F50:H50) -> 17940
A51: 25 FEB | B51: Bar abierto * 5 horas de vino porterage tinto y blanco, moscow mule absolut, gon & tonic tanqueray london, mojit- ron bacardi carta blanca, cerveza club colombia, agua | C51: 223 | D51: 105 | E51: 1 | F51: =C51*D51*E51 -> 23415 | G51: =F51*(15/100) -> 3512.25 | I51: =SUM(F51:H51) -> 26927.25
A52: 25 FEB | B52: Personal de servicio 14 meseros + 1 capitan de meseros+ 2 auxiliar de bares + 3 bartender | C52: 3450 | D52: 1 | E52: 1 | F52: =C52*D52*E52 -> 3450 | G52: =F52*(15/100) -> 517.5 | I52: =SUM(F52:H52) -> 3967.5
B53: SUB TOTAL | F53: =SUM(F30:F52) -> 151232 | G53: =SUM(G30:G52) -> 22684.8 | H53: =SUM(H30:H52) -> 0 | I53: =SUM(I30:I52) -> 173916.8
B55: MONTAJE / SALONES
B56: Salón Aquamarina I y II | C56: 1100 | D56: 1 | E56: 1 | F56: =C56*D56*E56 -> 1100 | G56: 0 | I56: =SUM(F56:H56) -> 1100
A57: 25 FEB | B57: Servicio de Montaje y desmonaje de A&B salon cena de despedida | C57: 63 | D57: 4 | E57: 3 | F57: =C57*D57*E57 -> 756 | G57: 0 | I57: =SUM(F57:H57) -> 756
A58: 23 FEB | B58: Alquiler teatro Adolfo Mejía | C58: 50000 | D58: 1 | E58: 1 | F58: =C58*D58*E58 -> 50000 | G58: 0 | I58: =SUM(F58:H58) -> 50000
B59: Seguridad y limpieza | C59: 3335 | D59: 1 | E59: 1 | F59: =C59*D59*E59 -> 3335 | G59: 0 | I59: =SUM(F59:H59) -> 3335
B60: Permisos de uso de Espacio Publico, Sayco y Acinpro | C60: 3335 | D60: 1 | E60: 1 | F60: =C60*D60*E60 -> 3335 | G60: 0 | I60: =SUM(F60:H60) -> 3335
B61: SUB TOTAL | F61: =SUM(F56:F60) -> 58526 | G61: =SUM(G56:G60) -> 0 | H61: =SUM(H56:H60) -> 0 | I61: =SUM(I56:I60) -> 58526
B63: EQUIPO AUDIOVISUAL
B64: DISPLAY Photo Opportunity: Back de 3.00 metros de ancho X 2.5 metros de alto realizado en MDF y terminado en vinil impreso en base a diseño. Base de las letras: 2.8 metros de ancho X 0.10 metros de altura X 0.30 metros de profundidad Letras (todas juntas) 2.8 metros de ancho X 0.50 metros de altura X 0.10 metros de profundidad. | C64: 8215 | D64: 1 | E64: 1 | F64: =C64*D64*E64 -> 8215 | G64: 0 | I64: =SUM(F64:H64) -> 8215
B65: DISEÑO Generación de paquete gráfico (Save the date, Invitaciones, reminder, master graphic), animación de MG | C65: 1576 | D65: 1 | E65: 1 | F65: =C65*D65*E65 -> 1576 | G65: 0 | I65: =SUM(F65:H65) -> 1576
B66: VIDEO Pantalla LED de 3.5X2m con tarima a 1.20 m de altura NT700 (700W RMS) | C66: 1506 | D66: 2 | E66: 2 | F66: =C66*D66*E66 -> 6024 | G66: 0 | I66: =SUM(F66:H66) -> 6024
B67: TV 55" retorno de piso | C67: 346 | D67: 2 | E67: 2 | F67: =C67*D67*E67 -> 1384 | G67: 0 | I67: =SUM(F67:H67) -> 1384
B68: Procesador de vídeo | C68: 1199 | D68: 1 | E68: 2 | F68: =C68*D68*E68 -> 2398 | G68: 0 | I68: =SUM(F68:H68) -> 2398
B69: Distribuidor de señal | C69: 52 | D69: 1 | E69: 2 | F69: =C69*D69*E69 -> 104 | G69: 0 | I69: =SUM(F69:H69) -> 104
B70: Switcher Roland | C70: 158 | D70: 1 | E70: 2 | F70: =C70*D70*E70 -> 316 | G70: 0 | I70: =SUM(F70:H70) -> 316
B71: Laptop para presentaciones | C71: 134 | D71: 2 | E71: 2 | F71: =C71*D71*E71 -> 536 | G71: 0 | I71: =SUM(F71:H71) -> 536
B72: Presentador inalambrico Perfect cue | C72: 106 | D72: 1 | E72: 2 | F72: =C72*D72*E72 -> 212 | G72: 0 | I72: =SUM(F72:H72) -> 212
B73: Sistema Intercom (X6) | C73: 506 | D73: 1 | E73: 2 | F73: =C73*D73*E73 -> 1012 | G73: 0 | I73: =SUM(F73:H73) -> 1012
B74: AUDIO Sistema de Sonido | C74: 506 | D74: 1 | E74: 2 | F74: =C74*D74*E74 -> 1012 | G74: 0 | I74: =SUM(F74:H74) -> 1012
B75: Consola Digital | C75: 323 | D75: 1 | E75: 2 | F75: =C75*D75*E75 -> 646 | G75: 0 | I75: =SUM(F75:H75) -> 646
... B102: Viáticos | C102: 102 | D102: 1 | E102: 4 | F102: =C102*D102*E102 -> 408 | G102: 0 | I102: =SUM(F102:H102) -> 408
A103: 22 FEB | B103: Iluminacion basica del teatro: Fachada, foyer, platea, mesas, escenario. Equipos: 1 pantalla led, estructura para la pantalla, sonido, 3 microfonos inalambricos, generador electrico | C103: 16670 | D103: 1 | E103: 1 | F103: =C103*D103*E103 -> 16670 | G103: 0 | I103: =SUM(F103:H103) -> 16670
B104: SUB TOTAL | F104: =SUM(F64:F103) -> 70686 | G104: =SUM(G64:G103) -> 0 | H104: =SUM(H64:H103) -> 0 | I104: =SUM(I64:I103) -> 70686
B106: STANDS
F107: =C107*D107*E107 -> 0 | I107: =SUM(F107:H107) -> 0
B108: SUB TOTAL | F108: =SUM(F107:F107) -> 0 | G108: =SUM(G107:G107) -> 0 | H108: =SUM(H107:H107) -> 0 | I108: =SUM(I107:I107) -> 0
B110: CONTENIDO INTERACTIVO
F111: =C111*D111*E111 -> 0 | I111: =SUM(F111:H111) -> 0
B112: SUB TOTAL | F112: =SUM(F111:F111) -> 0 | G112: =SUM(G111:G111) -> 0 | H112: =SUM(H111:H111) -> 0 | I112: =SUM(I111:I111) -> 0
B114: INSCRIPCIONES
F115: =C115*D115*E115 -> 0 | I115: =SUM(F115:H115) -> 0
B116: SUB TOTAL | F116: =SUM(F115:F115) -> 0 | G116: =SUM(G115:G115) -> 0 | H116: =SUM(H115:H115) -> 0 | I116: =SUM(I115:I115) -> 0
B118: AMBULANCIA
F119: =C119*D119*E119 -> 0 | I119: =SUM(F119:H119) -> 0
B120: SUB TOTAL | F120: =SUM(F119:F119) -> 0 | G120: =SUM(G119:G119) -> 0 | H120: =SUM(H119:H119) -> 0 | I120: =SUM(I119:I119) -> 0
B122: OTROS
A123: 23 FEB | B123: Mobiliario y decoración cena teatro Adolfo Mejía Sillas, mesas, centros de mesa, manteleria, cuberteria | C123: 9120 | D123: 1 | E123: 1 | F123: =C123*D123*E123 -> 9120 | I123: =SUM(F123:H123) -> 9120
B124: Pianista para la llegada - 1 set de 30 minutos - ( musica variada de piano) | C124: 780 | D124: 1 | E124: 1 | F124: =C124*D124*E124 -> 780 | I124: =SUM(F124:H124) -> 780
B125: Flash Mob | C125: 24450 | D125: 1 | E125: 1 | F125: =C125*D125*E125 -> 24450 | I125: =SUM(F125:H125) -> 24450
B126: Violinistas durante la cena - 2 sets de 45 minutos cada uno | C126: 2780 | D126: 1 | E126: 1 | F126: =C126*D126*E126 -> 2780 | I126: =SUM(F126:H126) -> 2780
B127: DJ por hora Servicio por 3 hrs | C127: 192 | D127: 3 | E127: 2 | F127: =C127*D127*E127 -> 1152 | I127: =SUM(F127:H127) -> 1152
B128: Personal de Apoyo logístico uniformado encargado de dar la bienvenida, acomodar a los invitados , cuidar mesas reservadas en caso de haberlas | C128: 167 | D128: 4 | E128: 1 | F128: =C128*D128*E128 -> 668 | I128: =SUM(F128:H128) -> 668
B129: Coordinador de montaje y desmontaje del evento | C129: 167 | D129: 2 | E129: 1 | F129: =C129*D129*E129 -> 334 | I129: =SUM(F129:H129) -> 334
B130: Pines para actividad, con diferentes diseños motivacionales. | C130: 12 | D130: 105 | E130: 1 | F130: =C130*D130*E130 -> 1260 | I130: =SUM(F130:H130) -> 1260
B131: PAGINA WEB Y APP DEL EVENTO | C131: 1800 | D131: 1 | E131: 1 | F131: =C131*D131*E131 -> 1800 | I131: =SUM(F131:H131) -> 1800
B132: REGISTRO EN LÍNEA | C132: 2300 | D132: 1 | E132: 1 | F132: =C132*D132*E132 -> 2300 | I132: =SUM(F132:H132) -> 2300
B133: SOPORTE TECNICO DURANTE EL EVENTO | C133: 890 | D133: 1 | E133: 1 | F133: =C133*D133*E133 -> 890 | I133: =SUM(F133:H133) -> 890
A134: 25 REB | B134: Valor por persona Ruta Patrimonio, Cartagena, historia y sabores. | C134: 128 | D134: 105 | E134: 1 | F134: =C134*D134*E134 -> 13440 | I134: =SUM(F134:H134) -> 13440
A135: 25 FEB | B135: CARNAVAL DE CALLE 4 mulatas + 4 tamboreros, corta caminata 10 minutos aproximado por las principales callecitas finalizando en el baluarte | C135: 3350 | D135: 1 | E135: 1 | F135: =C135*D135*E135 -> 3350 | I135: =SUM(F135:H135) -> 3350
B136: AREAS Exclusividad del baluarte San Francisco Javier disponible hasta las 2am | C136: 11670 | D136: 1 | E136: 1 | F136: =C136*D136*E136 -> 11670 | I136: =SUM(F136:H136) -> 11670
...

Sheet ITINERARIO AEREO CARTAGENA
A1: DESTINO DE SALIDA | B1: AEROLINEA | C1: VUELO | D1: FECHA | E1: ORIGEN | F1: DESTINO | G1: SALE | H1: LLEGA | I1: OBSERVACIONES
A2: São Paulo (GRU) | B2: AVIANCA | C2: 86 | D2: 46074 | E2: SAO PAULO | F2: BOGOTA | G2: 0.32986111 | H2: 0.49652778
B3: AVIANCA | C3: 8490 | D3: 46074 | E3: BOGOTA | F3: CARTAGENA | G3: 0.58333333 | H3: 0.64930556
B4: AVIANCA | C4: 9747 | D4: 46079 | E4: CARTAGENA | F4: BOGOTA | G4: 0.75 | H4: 0.8125
B5: AVIANCA | C5: 85 | D5: 46079 | E5: BOGOTA | F5: SAO PAULLO | G5: 0.90625 | H5: 6:05 +1
A7: MEXICO | B7: AM | C7: 750 | D7: 46074 | E7: MEXICO | F7: CARTAGENA | G7: 0.39583333 | H7: 0.60416667
B8: AM | C8: 751 | D8: 46080 | E8: CARTAGENA | F8: MEXICO | G8: 0.66666667 | H8: 0.80208333
A10: São José do Rio Preto (SJP) | B10: LA | C10: 3837 | D10: 46075 | E10: SAO JOSE DO RIO PRETO | F10: SAO PAULLO | G10: 0.19444444 | H10: 0.24652778
B11: LA | C11: 8098 | D11: 46075 | E11: SAO PAULO | F11: LIMA | G11: 0.3125 | H11: 0.44444444
B12: LA | C12: 2390 | D12: 46075 | E12: LIMA | F12: CARTAGENA | G12: 0.51736111 | H12: 0.67708333
B13: LA | C13: 4121 | D13: 46079 | E13: CARTAGENA | F13: BOGOTA | G13: 0.84722222 | H13: 0.91319444
B14: LA | C14: 8185 | D14: 46079 | E14: BOGOTA | F14: SAO PULO | G14: 0.99652778 | H14: 8:25 + 1
B15: LA | C15: 3964 | D15: 46080 | E15: SAO PAULO | F15: SAO JOSE DO RIO PRETO | G15: 0.66319444 | H15: 0.71180556
A17: São Paulo (GRU) | B17: AVIANCA | C17: 86 | D17: 46075 | E17: SAO PAULO | F17: BOGOTA | G17: 0.32986111 | H17: 0.49652778
B18: AVIANCA | C18: 8490 | D18: 46075 | E18: BOGOTA | F18: CARTAGENA | G18: 0.58333333 | H18: 0.64930556
B19: AVIANCA | C19: 9747 | D19: 46079 | E19: CARTAGENA | F19: BOGOTA | G19: 0.75 | H19: 0.8125
B20: AVIANCA | C20: 85 | D20: 46079 | E20: BOGOTA | F20: SAO PAULLO | G20: 0.90625 | H20: 6:05 +1
A22: SANTIGO DE CHILE | B22: AVIANCA | C22: 98 | D22: 46075 | E22: CHILE | F22: BOGOTA | G22: 0.3125 | H22: 0.49305556
B23: AVIANCA | C23: 8490 | D23: 46075 | E23: BOGOTA | F23: CARTAGENA | G23: 0.58333333 | H23: 0.64930556
B24: AVIANCA | C24: 9747 | D24: 46079 | E24: CARTAGENA | F24: BOGOTA | G24: 0.75 | H24: 0.8125
B25: AVIANCA | C25: 97 | D25: 46079 | E25: BOGOTA | F25: CHILE | G25: 0.90625 | H25: 05:45 +1
A27: BOGOTA | B27: AVIANCA | C27: 9758 | D27: 46075 | E27: BOGOTA | F27: CARTAGENA | G27: 0.45486111 | H27: 0.51736111
B28: AVIANCA | C28: 9747 | D28: 46079 | E28: CARTAGENA | F28: BOGOTA | G28: 0.75 | H28: 0.8125
A30: MEDELLIN | B30: AVIANCA | C30: 9784 | D30: 46075 | E30: MEDELLIN | F30: CARTAGENA | G30: 0.53125 | H30: 0.57986111
B31: AVIANCA | C31: 9267 | D31: 46079 | E31: CARTAGENA | F31: MEDELLIN | G31: 0.85416667 | H31: 0.90625
A33: COSTA RICA | B33: AVIANCA | C33: 693 | D33: 46075 | E33: SAN JOSE | F33: BOGOTA | G33: 0.076388889 | H33: 0.21180556
B34: AVIANCA | C34: 9552 | D34: 46075 | E34: BOGOTA | F34: CARTAGENA | G34: 0.40972222 | H34: 0.47569444
B35: AVIANCA | C35: 9563 | D35: 46079 | E35: CARTAGENA | F35: MEDELLIN | G35: 0.72569444 | H35: 0.77777778
B36: AVIANCA | C36: 656 | D36: 46079 | E36: MEDELLIN | F36: SAN JOSE | G36: 0.84027778 | H36: 0.87847222
A38: MEXICO | B38: AM | C38: 750 | D38: 46075 | E38: MEXICO | F38: CARTAGENA | G38: 0.39583333 | H38: 0.60416667
B39: AM | C39: 751 | D39: 46080 | E39: CARTAGENA | F39: MEXICO | G39: 0.66666667 | H39: 0.80208333
A41: PANAMA | B41: CM | C41: 161 | D41: 46075 | E41: PANAMA | F41: CARTAGENA | G41: 0.38194444 | H41: 0.60277778
B42: AVIANCA | C42: 9747 | D42: 46079 | E42: CARTAGENA | F42: BOGOTA | G42: 0.75 | H42: 0.8125
B43: AVIANCA | C43: 40 | D43: 46079 | E43: BOGOTA | F43: PANAMA | G43: 0.98263889 | H43: 00:00 +1
A45: PARAGUAY | B45: AVIANCA | C45: 212 | D45: 46075 | E45: ASUNCION | F45: BOGOTA | G45: 0.32986111 | H45: 0.46875
B46: AVIANCA | C46: 8490 | D46: 46075 | E46: BOGOTA | F46: CARTAGENA | G46: 0.58333333 | H46: 0.64930556
B47: AVIANCA | C47: 9747 | D47: 46079 | E47: CARTAGENA | F47: BOGOTA | G47: 0.75 | H47: 0.8125
B48: AVIANCA | C48: 213 | D48: 46079 | E48: BOGOTA | F48: ASUNCION | G48: 0.94097222 | H48: 5:55 +1
A50: PERU | B50: LAN | C50: 2390 | D50: 46075 | E50: LIMA | F50: CARTAGENA | G50: 0.51736111 | H50: 0.67708333
B51: LAN | C51: 2391 | D51: 46079 | E51: CARTAGENA | F51: LIMA | G51: 0.72222222 | H51: 0.87847222
A53: ARGENTINA | B53: AVIANCA | C53: 88 | D53: 46076 | E53: BUENOS AIRES | F53: BOGOTA | G53: 0.30902778 | H53: 0.49305556
B54: AVIANCA | C54: 8490 | D54: 46076 | E54: BOGOTA | F54: CARTAGENA | G54: 0.58333333 | H54: 0.64930556
B55: AVIANCA | C55: 9747 | D55: 46079 | E55: CARTAGENA | F55: BOGOTA | G55: 0.75 | H55: 0.8125
B56: AVIANCA | C56: 87 | D56: 46079 | E56: BOGOTA | F56: BUENOS AIRES | G56: 0.89583333 | H56: 06:05 +1
A58: São Paulo (GRU) | B58: AVIANCA | C58: 86 | D58: 46076 | E58: SAO PAULO | F58: BOGOTA | G58: 0.32986111 | H58: 0.49652778
B59: AVIANCA | C59: 8490 | D59: 46076 | E59: BOGOTA | F59: CARTAGENA | G59: 0.58333333 | H59: 0.64930556
B60: AVIANCA | C60: 9747 | D60: 46079 | E60: CARTAGENA | F60: BOGOTA | G60: 0.75 | H60: 0.8125
B61: AVIANCA | C61: 85 | D61: 46079 | E61: BOGOTA | F61: SAO PAULLO | G61: 0.90625 | H61: 6:05 +1
A63: RIO | B63: AVIANCA | C63: 260 | D63: 46076 | E63: RIO | F63: BOGOTA | G63: 0.32291667 | H63: 0.5
B64: AVIANCA | C64: 8490 | D64: 46076 | E64: BOGOTA | F64: CARTAGENA | G64: 0.58333333 | H64: 0.64930556
B65: AVIANCA | C65: 9747 | D65: 46079 | E65: CARTAGENA | F65: BOGOTA | G65: 0.75 | H65: 0.8125
B66: AVIANCA | C66: 261 | D66: 46079 | E66: BOGOTA | F66: RIO | G66: 0.89236111 | H66: 05:55 +1
A68: SANTIGO DE CHILE | B68: AVIANCA | C68: 98 | D68: 46076 | E68: CHILE | F68: BOGOTA | G68: 0.3125 | H68: 0.49305556
B69: AVIANCA | C69: 8490 | D69: 46076 | E69: BOGOTA | F69: CARTAGENA | G69: 0.58333333 | H69: 0.64930556
B70: AVIANCA | C70: 9747 | D70: 46079 | E70: CARTAGENA | F70: BOGOTA | G70: 0.75 | H70: 0.8125
B71: AVIANCA | C71: 97 | D71: 46079 | E71: BOGOTA | F71: CHILE | G71: 0.90625 | H71: 05:45 +1
A73: BOGOTA | B73: AVIANCA | C73: 9758 | D73: 46076 | E73: BOGOTA | F73: CARTAGENA | G73: 0.45486111 | H73: 0.51736111
B74: AVIANCA | C74: 9747 | D74: 46079 | E74: CARTAGENA | F74: BOGOTA | G74: 0.75 | H74: 0.8125
A76: CALI | B76: LAN | C76: 4375 | D76: 46076 | E76: CALI | F76: CARTAGENA | G76: 0.30555556 | H76: 0.36458333
B77: AVIANCA | C77: 9747 | D77: 46079 | E77: CARTAGENA | F77: BOGOTA | G77: 0.75 | H77: 0.8125
B78: AVIANCA | C78: 9221 | D78: 46079 | E78: BOGOTA | F78: CALI | G78: 0.86111111 | H78: 0.90625
A80: COSTA RICA | B80: AVIANCA | C80: 693 | D80: 46076 | E80: SAN JOSE | F80: BOGOTA | G80: 0.076388889 | H80: 0.21180556
B81: AVIANCA | C81: 9552 | D81: 46076 | E81: BOGOTA | F81: CARTAGENA | G81: 0.40972222 | H81: 0.47569444
B82: AVIANCA | C82: 9563 | D82: 46079 | E82: CARTAGENA | F82: MEDELLIN | G82: 0.72569444 | H82: 0.77777778
B83: AVIANCA | C83: 656 | D83: 46079 | E83: MEDELLIN | F83: SAN JOSE | G83: 0.84027778 | H83: 0.87847222
A85: MEXICO | B85: AM | C85: 750 | D85: 46076 | E85: MEXICO | F85: CARTAGENA | G85: 0.39583333 | H85: 0.60416667
B86: AM | C86: 751 | D86: 46080 | E86: CARTAGENA | F86: MEXICO | G86: 0.66666667 | H86: 0.80208333 | I86: REGRESANDO 27 SALE MAS ECONOMICO
A88: REP DOMINICANA | B88: CM | C88: 267 | D88: 46076 | E88: SANTO DOMINGO | F88: PANAMA | G88: 0.37083333 | H88: 0.4375
B89: CM | C89: 304 | D89: 46076 | E89: PANAMA | F89: CARTAGENA | G89: 0.53611111 | H89: 0.58680556
B90: CM | C90: 365 | D90: 46079 | E90: CARTAGENA | F90: PANAMA | G90: 0.62847222 | H90: 0.68333333
B91: CM | C91: 268 | D91: 46079 | E91: PANAMA | F91: SANTO DOMINGO | G91: 0.80972222 | H91: 0.95555556

Sheet PANAMÁ Westin
B1: EMPRESA | C1: PRODUCTOS ROCHE
B2: FACTURA | C2: PRODUCTOS
B3: EVENTO | C3: CEAC 2027
B4: AREA
B5: FECHAS | C5: 22 - 26 FEBRERO 2027
B6: LUGAR | C6: PANAMÁ
B7: SEDE | C7: WESTIN PANAMÁ
B8: PAX | C8: 105
B9: SOLICITANTE
B10: COORDINADORA AGENCIA | C10: GISELA HERNÁNDEZ
B11: COORDINADOR ROCHE
A13: No. | B13: DESCRIPCION | C13: COSTO | D13: No. | E13: No. | F13: SUBTOTAL | G13: 0.15 | H13: OTROS | I13: TOTAL
C14: UNIT | D14: SERVICIOS | E14: DIAS | F14: SIN IVA | G14: SERVICIO | H14: IMPUESTOS
B16: HOSPEDAJE
B17: Habitaciones dobles de lujo | C17: 280.5 | D17: 20 | E17: 4 | F17: =D17*E17*C17 -> 22440 | G17: =F17*(0/100) -> 0 | H17: 0 | I17: =SUM(F17:H17) -> 22440
B18: Habitaciones sencillas de lujo | C18: 272 | D18: 19 | E18: 4 | F18: =D18*E18*C18 -> 20672 | G18: =F18*(0/100) -> 0 | H18: 0 | I18: =SUM(F18:H18) -> 20672
B19: Habitación sencilla de lujo | C19: 272 | D19: 1 | E19: 5 | F19: =D19*E19*C19 -> 1360 | G19: =F19*(0/100) -> 0 | H19: 0 | I19: =SUM(F19:H19) -> 1360
B20: Habitación sencilla de lujo | C20: 272 | D20: 1 | E20: 6 | F20: =D20*E20*C20 -> 1632 | G20: =F20*(0/100) -> 0 | H20: 0 | I20: =SUM(F20:H20) -> 1632
B21: Habitaciones dobles de lujo | C21: 280.5 | D21: 22 | E21: 3 | F21: =D21*E21*C21 -> 18513 | G21: =F21*(0/100) -> 0 | H21: 0 | I21: =SUM(F21:H21) -> 18513
B22: Propina a botones, por persona por estadía | C22: 4 | D22: 105 | E22: 1 | F22: =D22*E22*C22 -> 420 | G22: =F22*(0/100) -> 0 | H22: 0 | I22: =SUM(F22:H22) -> 420
B23: Propina a Recamareras, por habitación por noche | C23: 2 | D23: 1 | E23: 6 | F23: =D23*E23*C23 -> 12 | G23: =F23*(0/100) -> 0 | H23: 0 | I23: =SUM(F23:H23) -> 12
B24: Propina a Recamareras, por habitación por noche | C24: 2 | D24: 1 | E24: 5 | F24: =D24*E24*C24 -> 10 | G24: =F24*(0/100) -> 0 | H24: 0 | I24: =SUM(F24:H24) -> 10
B25: Propina a Recamareras, por habitación por noche | C25: 2 | D25: 39 | E25: 4 | F25: =D25*E25*C25 -> 312 | G25: =F25*(0/100) -> 0 | H25: 0 | I25: =SUM(F25:H25) -> 312
B26: Propina a Recamareras, por habitación por noche | C26: 2 | D26: 22 | E26: 3 | F26: =D26*E26*C26 -> 132 | G26: =F26*(0/100) -> 0 | H26: 0 | I26: =SUM(F26:H26) -> 132
B27: Entrega de regalos en habitación (Precio Informativo) | C27: 2 | D27: 0 | E27: 0 | F27: =D27*E27*C27 -> 0 | G27: =F27*(0/100) -> 0 | H27: =F27*(3.5/100) -> 0 | I27: =SUM(F27:H27) -> 0
F28: =D28*E28*C28 -> 0 | G28: =F28*(0/100) -> 0 | H28: =F28*(3.5/100) -> 0 | I28: =SUM(F28:H28) -> 0
B29: SUB TOTAL | F29: =SUM(F17:F28) -> 65503 | G29: =SUM(G17:G28) -> 0 | H29: =SUM(H17:H28) -> 0 | I29: =SUM(I17:I28) -> 65503
B31: ALIMENTOS Y BEBIDAS
B32: Desayuno buffet en el restaurante del hotel | C32: 0 | D32: 105 | E32: 4 | F32: =C32*D32*E32 -> 0 | G32: =F32*(15/100) -> 0 | H32: 0 | I32: =SUM(F32:H32) -> 0
B33: Cena buffet de bienvenida en Zielo Restaurante | C33: 95 | D33: 105 | E33: 1 | F33: =C33*D33*E33 -> 9975 | G33: =F33*(15/100) -> 1496.25 | H33: 0 | I33: =SUM(F33:H33) -> 11471.25
B34: Bebida durante la cena (sodas, vino, cerveza, agua, café o te) por 2 hrs. | C34: 54 | D34: 105 | E34: 1 | F34: =C34*D34*E34 -> 5670 | G34: =F34*(15/100) -> 850.5 | H34: 0 | I34: =SUM(F34:H34) -> 6520.5
B35: Receso de café por 8 hrs. (incluye estación de café y te permanente) complementos mañana y tarde | C35: 37 | D35: 105 | E35: 2 | F35: =C35*D35*E35 -> 7770 | G35: =F35*(15/100) -> 1165.5 | H35: 0 | I35: =SUM(F35:H35) -> 8935.5
B36: Almuerzo buffet | C36: 38 | D36: 105 | E36: 2 | F36: =C36*D36*E36 -> 7980 | G36: =F36*(15/100) -> 1197 | H36: 0 | I36: =SUM(F36:H36) -> 9177
B37: Bebida durante el almuerzo (1 hr) Sodas, naranjadas, limonadas | C37: 15 | D37: 105 | E37: 2 | F37: =C37*D37*E37 -> 3150 | G37: =F37*(15/100) -> 472.5 | H37: 0 | I37: =SUM(F37:H37) -> 3622.5
B38: Cena buffet | C38: 39 | D38: 105 | E38: 1 | F38: =C38*D38*E38 -> 4095 | G38: =F38*(15/100) -> 614.25 | H38: 0 | I38: =SUM(F38:H38) -> 4709.25
B39: Dos copas de vino durante la cena | C39: 19 | D39: 105 | E39: 1 | F39: =C39*D39*E39 -> 1995 | G39: =F39*(15/100) -> 299.25 | H39: 0 | I39: =SUM(F39:H39) -> 2294.25
B40: Cena buffet de clausura (en el Hotel - INFORMATIVO) | C40: 42 | D40: 105 | E40: 0 | F40: =C40*D40*E40 -> 0 | G40: =F40*(15/100) -> 0 | H40: 0 | I40: =SUM(F40:H40) -> 0
B41: Bebida premium de 20:00 a 02:00 hrs. (hOTEL - INFORMATIVO) | C41: 43 | D41: 105 | E41: 0 | F41: =C41*D41*E41 -> 0 | G41: =F41*(15/100) -> 0 | H41: 0 | I41: =SUM(F41:H41) -> 0
C42: 0 | F42: =C42*D42*E42 -> 0 | G42: =F42*(15/100) -> 0 | H42: 0 | I42: =SUM(F42:H42) -> 0
B43: SUB TOTAL | F43: =SUM(F32:F42) -> 40635 | G43: =SUM(G32:G42) -> 6095.25 | H43: =SUM(H32:H42) -> 0 | I43: =SUM(I32:I42) -> 46730.25
B45: MONTAJE / SALONES
B46: Salón Crustal Ballroom (Plenaria) | C46: 0 | D46: 1 | E46: 3 | F46: =C46*D46*E46 -> 0 | G46: =F46*(15/100) -> 0 | I46: =SUM(F46:H46) -> 0
B47: Photo Opportunity. Back de 3x2.5m realizado en MDF terminado en vinil impreso en base a diseño. | C47: 8215 | D47: 1 | E47: 1 | F47: =C47*D47*E47 -> 8215 | G47: 0 | I47: =SUM(F47:H47) -> 8215
B48: Generación de gráficos y contenidos (save the date, invitaciones, reminders, master graphic) animación de MG | C48: 1575 | D48: 1 | E48: 1 | F48: =C48*D48*E48 -> 1575 | G48: =F48*(15/100) -> 236.25 | I48: =SUM(F48:H48) -> 1811.25
F49: =C49*D49*E49 -> 0 | G49: =F49*(15/100) -> 0 | I49: =SUM(F49:H49) -> 0
F50: =C50*D50*E50 -> 0 | G50: =F50*(15/100) -> 0 | I50: =SUM(F50:H50) -> 0
B51: SUB TOTAL | F51: =SUM(F46:F50) -> 9790 | G51: =SUM(G46:G50) -> 236.25 | H51: =SUM(H46:H50) -> 0 | I51: =SUM(I46:I50) -> 10026.25
B53: EQUIPO AUDIOVISUAL
B54: Video
B55: Pantalla de 7.5 x 12 | C55: 113 | D55: 1 | E55: 3 | F55: =C55*D55*E55 -> 339 | G55: 0 | I55: =SUM(F55:H55) -> 339
B56: Proyector 5200 lumenes HD | C56: 204 | D56: 1 | E56: 3 | F56: =C56*D56*E56 -> 612 | G56: 0 | I56: =SUM(F56:H56) -> 612
B57: Internet dedicado 100MB por día | C57: 1345 | D57: 1 | E57: 3 | F57: =C57*D57*E57 -> 4035 | G57: 0 | I57: =SUM(F57:H57) -> 4035
B58: Pantalla led de 3.5x2m. con tarima a 1.20 de altura | C58: 1506 | D58: 2 | E58: 2 | F58: =C58*D58*E58 -> 6024 | G58: 0 | I58: =SUM(F58:H58) -> 6024
B59: TV 55" retorno de piso | C59: 346 | D59: 2 | E59: 2 | F59: =C59*D59*E59 -> 1384 | G59: 0 | I59: =SUM(F59:H59) -> 1384
B60: Procesador de vídeo | C60: 1199 | D60: 1 | E60: 2 | F60: =C60*D60*E60 -> 2398 | G60: 0 | I60: =SUM(F60:H60) -> 2398
B61: Distribuidor de señal | C61: 52 | D61: 1 | E61: 2 | F61: =C61*D61*E61 -> 104 | G61: 0 | I61: =SUM(F61:H61) -> 104
B62: Switcher Roland | C62: 158 | D62: 1 | E62: 2 | F62: =C62*D62*E62 -> 316 | G62: 0 | I62: =SUM(F62:H62) -> 316
B63: Laptop para presentaciones | C63: 134 | D63: 2 | E63: 2 | F63: =C63*D63*E63 -> 536 | G63: 0 | I63: =SUM(F63:H63) -> 536
B64: Presentador inalambrico Perfect cue | C64: 106 | D64: 1 | E64: 2 | F64: =C64*D64*E64 -> 212 | G64: 0 | I64: =SUM(F64:H64) -> 212
B65: Sistema Intercom (X6) | C65: 139 | D65: 1 | E65: 2 | F65: =C65*D65*E65 -> 278 | G65: 0 | I65: =SUM(F65:H65) -> 278
B66: Video
B67: Equipo de sonido mediano | C67: 506 | D67: 1 | E67: 2 | F67: =C67*D67*E67 -> 1012 | G67: 0 | I67: =SUM(F67:H67) -> 1012
B68: Consola digital | C68: 323 | D68: 1 | E68: 2 | F68: =C68*D68*E68 -> 646 | G68: 0 | I68: =SUM(F68:H68) -> 646
B69: Micrófono inalámbrico de mano | C69: 81 | D69: 5 | E69: 2 | F69: =C69*D69*E69 -> 810 | G69: 0 | I69: =SUM(F69:H69) -> 810
B70: distribuidor de antena | C70: 139 | D70: 1 | E70: 2 | F70: =C70*D70*E70 -> 278 | G70: 0 | I70: =SUM(F70:H70) -> 278
B71: Laptop para reproducción de música | C71: 116 | D71: 1 | E71: 2 | F71: =C71*D71*E71 -> 232 | G71: 0 | I71: =SUM(F71:H71) -> 232
B72: DJ both + controlador | C72: 1332 | D72: 1 | E72: 2 | F72: =C72*D72*E72 -> 2664 | G72: 0 | I72: =SUM(F72:H72) -> 2664
B73: Iluminación
B74: Robótica Wash | C74: 346 | D74: 4 | E74: 2 | F74: =C74*D74*E74 -> 2768 | G74: 0 | I74: =SUM(F74:H74) -> 2768
B75: Robótica Beam | C75: 346 | D75: 4 | E75: 2 | F75: =C75*D75*E75 -> 2768 | G75: 0 | I75: =SUM(F75:H75) -> 2768
B76: Lekos | C76: 208 | D76: 4 | E76: 2 | F76: =C76*D76*E76 -> 1664 | G76: 0 | I76: =SUM(F76:H76) -> 1664
B77: Estructuras TRUSS MKII de 3 metros con placa a piso y funda | C77: 161 | D77: 4 | E77: 2 | F77: =C77*D77*E77 -> 1288 | G77: 0 | I77: =SUM(F77:H77) -> 1288
B78: Par led 64 | C78: 56 | D78: 20 | E78: 2 | F78: =C78*D78*E78 -> 2240 | G78: 0 | I78: =SUM(F78:H78) -> 2240
B79: Consola de iluminación | C79: 323 | D79: 1 | E79: 2 | F79: =C79*D79*E79 -> 646 | G79: 0 | I79: =SUM(F79:H79) -> 646
B80: Centro de carga | C80: 263 | D80: 1 | E80: 2 | F80: =C80*D80*E80 -> 526 | G80: 0 | I80: =SUM(F80:H80) -> 526
B81: Energía Eléctrica
B82: Planta de energía electrica de 100 Kvas con 100 mts de fider | C82: 1419 | D82: 1 | E82: 2 | F82: =C82*D82*E82 -> 2838 | G82: 0 | I82: =SUM(F82:H82) -> 2838
B83: Hora extra de planta de luz de 100 Kvas | C83: 142 | D83: 0 | E83: 0 | F83: =C83*D83*E83 -> 0 | G83: 0 | I83: =SUM(F83:H83) -> 0
B84: Yellowjackets | C84: 27 | D84: 10 | E84: 2 | F84: =C84*D84*E84 -> 540 | G84: 0 | I84: =SUM(F84:H84) -> 540
B85: Personal Técnico
B86: staff de montaje y desmontaje | C86: 101 | D86: 4 | E86: 2 | F86: =C86*D86*E86 -> 808 | G86: 0 | I86: =SUM(F86:H86) -> 808
B87: Técnico General | C87: 101 | D87: 8 | E87: 2 | F87: =C87*D87*E87 -> 1616 | G87: 0 | I87: =SUM(F87:H87) -> 1616
B88: Técnico de Video | C88: 126 | D88: 2 | E88: 2 | F88: =C88*D88*E88 -> 504 | G88: 0 | I88: =SUM(F88:H88) -> 504
B89: Técnico de Sonido | C89: 126 | D89: 1 | E89: 2 | F89: =C89*D89*E89 -> 252 | G89: 0 | I89: =SUM(F89:H89) -> 252
B90: Técnico de Iluminación | C90: 126 | D90: 1 | E90: 2 | F90: =C90*D90*E90 -> 252 | G90: 0 | I90: =SUM(F90:H90) -> 252
B91: Viáticos | C91: 43 | D91: 16 | E91: 2 | F91: =C91*D91*E91 -> 1376 | G91: 0 | I91: =SUM(F91:H91) -> 1376
B92: Transporte
B93: Transportación de equipo | C93: 630 | D93: 1 | E93: 1 | F93: =C93*D93*E93 -> 630 | G93: 0 | I93: =SUM(F93:H93) -> 630
B94: Coordinación y viáticos
B95: "Personal operativo que incluye: -Productor general -1 Coordinadores de área. -2 Runers -Stage hands propios para el proyecto" | C95: 2800 | D95: 1 | E95: 1 | F95: =C95*D95*E95 -> 2800 | G95: 0 | I95: =SUM(F95:H95) -> 2800
B96: Expendables, cintas gafer, precaución, doble cara, cinchos etc | C96: 400 | D96: 1 | E96: 1 | F96: =C96*D96*E96 -> 400 | G96: 0 | I96: =SUM(F96:H96) -> 400
B97: Habitación doble para staff OZUM terrestre | C97: 0 | D97: 1 | E97: 4 | F97: =C97*D97*E97 -> 0 | G97: 0 | I97: =SUM(F97:H97) -> 0
B98: Transportación aérea | C98: 910 | D98: 2 | E98: 1 | F98: =C98*D98*E98 -> 1820 | G98: 0 | I98: =SUM(F98:H98) -> 1820
B99: Fee de emisión | C99: 0 | D99: 1 | E99: 1 | F99: =C99*D99*E99 -> 0 | G99: 0 | I99: =SUM(F99:H99) -> 0
B100: Traslado terrestre | C100: 199 | D100: 1 | E100: 2 | F100: =C100*D100*E100 -> 398 | G100: 0 | I100: =SUM(F100:H100) -> 398
B101: Viáticos | C101: 110 | D101: 2 | E101: 4 | F101: =C101*D101*E101 -> 880 | G101: 0 | I101: =SUM(F101:H101) -> 880
F102: =C102*D102*E102 -> 0 | G102: 0 | I102: =SUM(F102:H102) -> 0
C103: 0 | D103: 0 | E103: 0 | F103: =C103*D103*E103 -> 0 | G103: 0 | I103: =SUM(F103:H103) -> 0
B104: SUB TOTAL | F104: =SUM(F55:F103) -> 48894 | G104: =SUM(G55:G103) -> 0 | H104: =SUM(H55:H103) -> 0 | I104: =SUM(I55:I103) -> 48894
B106: STANDS
...

Sheet PANAMÁ INTERCONTI
B1: EMPRESA | C1: PRODUCTOS ROCHE
B2: FACTURA | C2: PRODUCTOS
B3: EVENTO | C3: CEAC 2027
B4: AREA
B5: FECHAS | C5: 22 - 26 FEBRERO 2027
B6: LUGAR | C6: PANAMÁ
B7: SEDE | C7: INTERCONTINENTAL MIRAMAR
B8: PAX | C8: 105
B9: SOLICITANTE
B10: COORDINADORA AGENCIA | C10: GISELA HERNÁNDEZ
B11: COORDINADOR ROCHE
A13: No. | B13: DESCRIPCION | C13: COSTO | D13: No. | E13: No. | F13: SUBTOTAL | G13: 0.15 | H13: OTROS | I13: TOTAL
C14: UNIT | D14: SERVICIOS | E14: DIAS | F14: SIN IVA | G14: SERVICIO | H14: IMPUESTOS
B16: HOSPEDAJE
B17: Habitaciones dobles de lujo | C17: 240.9 | D17: 20 | E17: 4 | F17: =D17*E17*C17 -> 19272 | G17: =F17*(0/100) -> 0 | H17: 0 | I17: =SUM(F17:H17) -> 19272
B18: Habitaciones sencillas de lujo | C18: 230 | D18: 19 | E18: 4 | F18: =D18*E18*C18 -> 17480 | G18: =F18*(0/100) -> 0 | H18: 0 | I18: =SUM(F18:H18) -> 17480
B19: Habitación sencilla de lujo | C19: 230 | D19: 1 | E19: 5 | F19: =D19*E19*C19 -> 1150 | G19: =F19*(0/100) -> 0 | H19: 0 | I19: =SUM(F19:H19) -> 1150
B20: Habitación sencilla de lujo | C20: 230 | D20: 1 | E20: 6 | F20: =D20*E20*C20 -> 1380 | G20: =F20*(0/100) -> 0 | H20: 0 | I20: =SUM(F20:H20) -> 1380
B21: Habitaciones dobles de lujo | C21: 240.9 | D21: 22 | E21: 3 | F21: =D21*E21*C21 -> 15899.4 | G21: =F21*(0/100) -> 0 | H21: 0 | I21: =SUM(F21:H21) -> 15899.4
B22: Propina a botones, por persona por estadía | C22: 4 | D22: 105 | E22: 1 | F22: =D22*E22*C22 -> 420 | G22: =F22*(0/100) -> 0 | H22: 0 | I22: =SUM(F22:H22) -> 420
B23: Propina a Recamareras, por habitación por noche | C23: 2 | D23: 1 | E23: 6 | F23: =D23*E23*C23 -> 12 | G23: =F23*(0/100) -> 0 | H23: 0 | I23: =SUM(F23:H23) -> 12
B24: Propina a Recamareras, por habitación por noche | C24: 2 | D24: 1 | E24: 5 | F24: =D24*E24*C24 -> 10 | G24: =F24*(0/100) -> 0 | H24: 0 | I24: =SUM(F24:H24) -> 10
B25: Propina a Recamareras, por habitación por noche | C25: 2 | D25: 39 | E25: 4 | F25: =D25*E25*C25 -> 312 | G25: =F25*(0/100) -> 0 | H25: 0 | I25: =SUM(F25:H25) -> 312
B26: Propina a Recamareras, por habitación por noche | C26: 2 | D26: 22 | E26: 3 | F26: =D26*E26*C26 -> 132 | G26: =F26*(0/100) -> 0 | H26: 0 | I26: =SUM(F26:H26) -> 132
B27: Entrega de regalos en habitación (Precio Informativo) | C27: 2 | D27: 0 | E27: 0 | F27: =D27*E27*C27 -> 0 | G27: =F27*(0/100) -> 0 | H27: =F27*(3.5/100) -> 0 | I27: =SUM(F27:H27) -> 0
F28: =D28*E28*C28 -> 0 | G28: =F28*(0/100) -> 0 | H28: =F28*(3.5/100) -> 0 | I28: =SUM(F28:H28) -> 0
B29: SUB TOTAL | F29: =SUM(F17:F28) -> 56067.4 | G29: =SUM(G17:G28) -> 0 | H29: =SUM(H17:H28) -> 0 | I29: =SUM(I17:I28) -> 56067.4
B31: ALIMENTOS Y BEBIDAS
B32: Desayuno buffet en el restaurante del hotel | C32: 0 | D32: 105 | E32: 4 | F32: =C32*D32*E32 -> 0 | G32: =F32*(15/100) -> 0 | H32: 0 | I32: =SUM(F32:H32) -> 0
B33: Cena buffet de bienvenida en Zielo Restaurante | C33: 95 | D33: 105 | E33: 1 | F33: =C33*D33*E33 -> 9975 | G33: =F33*(15/100) -> 1496.25 | H33: 0 | I33: =SUM(F33:H33) -> 11471.25
B34: Bebida durante la cena (sodas, vino, cerveza, agua, café o te) por 2 hrs. | C34: 54 | D34: 105 | E34: 1 | F34: =C34*D34*E34 -> 5670 | G34: =F34*(15/100) -> 850.5 | H34: 0 | I34: =SUM(F34:H34) -> 6520.5
B35: Receso de café por 8 hrs. (incluye estación de café y te permanente) complementos mañana y tarde | C35: 45 | D35: 105 | E35: 2 | F35: =C35*D35*E35 -> 9450 | G35: =F35*(15/100) -> 1417.5 | H35: 0 | I35: =SUM(F35:H35) -> 10867.5
B36: Almuerzo buffet | C36: 38 | D36: 105 | E36: 2 | F36: =C36*D36*E36 -> 7980 | G36: =F36*(15/100) -> 1197 | H36: 0 | I36: =SUM(F36:H36) -> 9177
B37: Bebida durante el almuerzo (1 hr) Sodas, naranjadas, limonadas | C37: 15 | D37: 105 | E37: 2 | F37: =C37*D37*E37 -> 3150 | G37: =F37*(15/100) -> 472.5 | H37: 0 | I37: =SUM(F37:H37) -> 3622.5
B38: Cena buffet | C38: 40 | D38: 105 | E38: 1 | F38: =C38*D38*E38 -> 4200 | G38: =F38*(15/100) -> 630 | H38: 0 | I38: =SUM(F38:H38) -> 4830
B39: Dos copas de vino durante la cena | C39: 22 | D39: 105 | E39: 1 | F39: =C39*D39*E39 -> 2310 | G39: =F39*(15/100) -> 346.5 | H39: 0 | I39: =SUM(F39:H39) -> 2656.5
B40: Cena buffet de clausura (en el Hotel - INFORMATIVO) | C40: 48 | D40: 105 | E40: 0 | F40: =C40*D40*E40 -> 0 | G40: =F40*(15/100) -> 0 | H40: 0 | I40: =SUM(F40:H40) -> 0
B41: Bebida premium de 20:00 a 02:00 hrs. (hOTEL - INFORMATIVO) | C41: 43 | D41: 105 | E41: 0 | F41: =C41*D41*E41 -> 0 | G41: =F41*(15/100) -> 0 | H41: 0 | I41: =SUM(F41:H41) -> 0
C42: 0 | F42: =C42*D42*E42 -> 0 | G42: =F42*(15/100) -> 0 | H42: 0 | I42: =SUM(F42:H42) -> 0
B43: SUB TOTAL | F43: =SUM(F32:F42) -> 42735 | G43: =SUM(G32:G42) -> 6410.25 | H43: =SUM(H32:H42) -> 0 | I43: =SUM(I32:I42) -> 49145.25
B45: MONTAJE / SALONES
B46: Salón Miramar Grand Ballroom (Plenaria) | C46: 0 | D46: 1 | E46: 3 | F46: =C46*D46*E46 -> 0 | G46: =F46*(15/100) -> 0 | I46: =SUM(F46:H46) -> 0
B47: Photo Opportunity. Back de 3x2.5m realizado en MDF terminado en vinil impreso en base a diseño. | C47: 8215 | D47: 1 | E47: 1 | F47: =C47*D47*E47 -> 8215 | G47: 0 | I47: =SUM(F47:H47) -> 8215
B48: Generación de gráficos y contenidos (save the date, invitaciones, reminders, master graphic) animación de MG | C48: 1575 | D48: 1 | E48: 1 | F48: =C48*D48*E48 -> 1575 | G48: =F48*(15/100) -> 236.25 | I48: =SUM(F48:H48) -> 1811.25
F49: =C49*D49*E49 -> 0 | G49: =F49*(15/100) -> 0 | I49: =SUM(F49:H49) -> 0
F50: =C50*D50*E50 -> 0 | G50: =F50*(15/100) -> 0 | I50: =SUM(F50:H50) -> 0
B51: SUB TOTAL | F51: =SUM(F46:F50) -> 9790 | G51: =SUM(G46:G50) -> 236.25 | H51: =SUM(H46:H50) -> 0 | I51: =SUM(I46:I50) -> 10026.25
B53: EQUIPO AUDIOVISUAL
B54: Video
B55: Pantalla de 7.5 x 12 | C55: 113 | D55: 1 | E55: 3 | F55: =C55*D55*E55 -> 339 | G55: 0 | I55: =SUM(F55:H55) -> 339
B56: Proyector 5200 lumenes HD | C56: 204 | D56: 1 | E56: 3 | F56: =C56*D56*E56 -> 612 | G56: 0 | I56: =SUM(F56:H56) -> 612
B57: Internet dedicado 100MB por día | C57: 1345 | D57: 1 | E57: 3 | F57: =C57*D57*E57 -> 4035 | G57: 0 | I57: =SUM(F57:H57) -> 4035
B58: Pantalla led de 3.5x2m. con tarima a 1.20 de altura | C58: 1506 | D58: 2 | E58: 2 | F58: =C58*D58*E58 -> 6024 | G58: 0 | I58: =SUM(F58:H58) -> 6024
B59: TV 55" retorno de piso | C59: 346 | D59: 2 | E59: 2 | F59: =C59*D59*E59 -> 1384 | G59: 0 | I59: =SUM(F59:H59) -> 1384
B60: Procesador de vídeo | C60: 1199 | D60: 1 | E60: 2 | F60: =C60*D60*E60 -> 2398 | G60: 0 | I60: =SUM(F60:H60) -> 2398
B61: Distribuidor de señal | C61: 52 | D61: 1 | E61: 2 | F61: =C61*D61*E61 -> 104 | G61: 0 | I61: =SUM(F61:H61) -> 104
B62: Switcher Roland | C62: 158 | D62: 1 | E62: 2 | F62: =C62*D62*E62 -> 316 | G62: 0 | I62: =SUM(F62:H62) -> 316
B63: Laptop para presentaciones | C63: 134 | D63: 2 | E63: 2 | F63: =C63*D63*E63 -> 536 | G63: 0 | I63: =SUM(F63:H63) -> 536
B64: Presentador inalambrico Perfect cue | C64: 106 | D64: 1 | E64: 2 | F64: =C64*D64*E64 -> 212 | G64: 0 | I64: =SUM(F64:H64) -> 212
B65: Sistema Intercom (X6) | C65: 139 | D65: 1 | E65: 2 | F65: =C65*D65*E65 -> 278 | G65: 0 | I65: =SUM(F65:H65) -> 278
B66: Video
B67: Equipo de sonido mediano | C67: 506 | D67: 1 | E67: 2 | F67: =C67*D67*E67 -> 1012 | G67: 0 | I67: =SUM(F67:H67) -> 1012
B68: Consola digital | C68: 323 | D68: 1 | E68: 2 | F68: =C68*D68*E68 -> 646 | G68: 0 | I68: =SUM(F68:H68) -> 646
B69: Micrófono inalámbrico de mano | C69: 81 | D69: 5 | E69: 2 | F69: =C69*D69*E69 -> 810 | G69: 0 | I69: =SUM(F69:H69) -> 810
B70: distribuidor de antena | C70: 139 | D70: 1 | E70: 2 | F70: =C70*D70*E70 -> 278 | G70: 0 | I70: =SUM(F70:H70) -> 278
B71: Laptop para reproducción de música | C71: 116 | D71: 1 | E71: 2 | F71: =C71*D71*E71 -> 232 | G71: 0 | I71: =SUM(F71:H71) -> 232
B72: DJ both + controlador | C72: 1332 | D72: 1 | E72: 2 | F72: =C72*D72*E72 -> 2664 | G72: 0 | I72: =SUM(F72:H72) -> 2664
B73: Iluminación
B74: Robótica Wash | C74: 346 | D74: 4 | E74: 2 | F74: =C74*D74*E74 -> 2768 | G74: 0 | I74: =SUM(F74:H74) -> 2768
B75: Robótica Beam | C75: 346 | D75: 4 | E75: 2 | F75: =C75*D75*E75 -> 2768 | G75: 0 | I75: =SUM(F75:H75) -> 2768
B76: Lekos | C76: 208 | D76: 4 | E76: 2 | F76: =C76*D76*E76 -> 1664 | G76: 0 | I76: =SUM(F76:H76) -> 1664
B77: Estructuras TRUSS MKII de 3 metros con placa a piso y funda | C77: 161 | D77: 4 | E77: 2 | F77: =C77*D77*E77 -> 1288 | G77: 0 | I77: =SUM(F77:H77) -> 1288
B78: Par led 64 | C78: 56 | D78: 20 | E78: 2 | F78: =C78*D78*E78 -> 2240 | G78: 0 | I78: =SUM(F78:H78) -> 2240
B79: Consola de iluminación | C79: 323 | D79: 1 | E79: 2 | F79: =C79*D79*E79 -> 646 | G79: 0 | I79: =SUM(F79:H79) -> 646
B80: Centro de carga | C80: 263 | D80: 1 | E80: 2 | F80: =C80*D80*E80 -> 526 | G80: 0 | I80: =SUM(F80:H80) -> 526
B81: Energía Eléctrica
B82: Planta de energía electrica de 100 Kvas con 100 mts de fider | C82: 1419 | D82: 1 | E82: 2 | F82: =C82*D82*E82 -> 2838 | G82: 0 | I82: =SUM(F82:H82) -> 2838
B83: Hora extra de planta de luz de 100 Kvas | C83: 142 | D83: 0 | E83: 0 | F83: =C83*D83*E83 -> 0 | G83: 0 | I83: =SUM(F83:H83) -> 0
B84: Yellowjackets | C84: 27 | D84: 10 | E84: 2 | F84: =C84*D84*E84 -> 540 | G84: 0 | I84: =SUM(F84:H84) -> 540
B85: Personal Técnico
B86: staff de montaje y desmontaje | C86: 101 | D86: 4 | E86: 2 | F86: =C86*D86*E86 -> 808 | G86: 0 | I86: =SUM(F86:H86) -> 808
B87: Técnico General | C87: 101 | D87: 8 | E87: 2 | F87: =C87*D87*E87 -> 1616 | G87: 0 | I87: =SUM(F87:H87) -> 1616
B88: Técnico de Video | C88: 126 | D88: 2 | E88: 2 | F88: =C88*D88*E88 -> 504 | G88: 0 | I88: =SUM(F88:H88) -> 504
B89: Técnico de Sonido | C89: 126 | D89: 1 | E89: 2 | F89: =C89*D89*E89 -> 252 | G89: 0 | I89: =SUM(F89:H89) -> 252
B90: Técnico de Iluminación | C90: 126 | D90: 1 | E90: 2 | F90: =C90*D90*E90 -> 252 | G90: 0 | I90: =SUM(F90:H90) -> 252
B91: Viáticos | C91: 43 | D91: 16 | E91: 2 | F91: =C91*D91*E91 -> 1376 | G91: 0 | I91: =SUM(F91:H91) -> 1376
B92: Transporte
B93: Transportación de equipo | C93: 630 | D93: 1 | E93: 1 | F93: =C93*D93*E93 -> 630 | G93: 0 | I93: =SUM(F93:H93) -> 630
B94: Coordinación y viáticos
B95: "Personal operativo que incluye: -Productor general -1 Coordinadores de área. -2 Runers -Stage hands propios para el proyecto" | C95: 2800 | D95: 1 | E95: 1 | F95: =C95*D95*E95 -> 2800 | G95: 0 | I95: =SUM(F95:H95) -> 2800
B96: Expendables, cintas gafer, precaución, doble cara, cinchos etc | C96: 400 | D96: 1 | E96: 1 | F96: =C96*D96*E96 -> 400 | G96: 0 | I96: =SUM(F96:H96) -> 400
B97: Habitación doble para staff OZUM terrestre | C97: 0 | D97: 1 | E97: 4 | F97: =C97*D97*E97 -> 0 | G97: 0 | I97: =SUM(F97:H97) -> 0
B98: Transportación aérea | C98: 910 | D98: 2 | E98: 1 | F98: =C98*D98*E98 -> 1820 | G98: 0 | I98: =SUM(F98:H98) -> 1820
B99: Fee de emisión | C99: 0 | D99: 1 | E99: 1 | F99: =C99*D99*E99 -> 0 | G99: 0 | I99: =SUM(F99:H99) -> 0
B100: Traslado terrestre | C100: 199 | D100: 1 | E100: 2 | F100: =C100*D100*E100 -> 398 | G100: 0 | I100: =SUM(F100:H100) -> 398
B101: Viáticos | C101: 110 | D101: 2 | E101: 4 | F101: =C101*D101*E101 -> 880 | G101: 0 | I101: =SUM(F101:H101) -> 880
F102: =C102*D102*E102 -> 0 | G102: 0 | I102: =SUM(F102:H102) -> 0
C103: 0 | D103: 0 | E103: 0 | F103: =C103*D103*E103 -> 0 | G103: 0 | I103: =SUM(F103:H103) -> 0
B104: SUB TOTAL | F104: =SUM(F55:F103) -> 48894 | G104: =SUM(G55:G103) -> 0 | H104: =SUM(H55:H103) -> 0 | I104: =SUM(I55:I103) -> 48894
B106: STANDS
...

Sheet ITINERARIO AEREO PANAMA
A1: DESTINO DE SALIDA | B1: AEROLINEA | C1: VUELO | D1: FECHA | E1: ORIGEN | F1: DESTINO | G1: SALE | H1: LLEGA | I1: OBSERVACIONES
A2: São Paulo (GRU) | B2: CM | C2: 744 | D2: 46074 | E2: SAO PAULO | F2: PANAMA | G2: 0.20138889 | H2: 0.40208333
B3: CM | C3: 743 | D3: 46079 | E3: PANAMA | F3: SAO PAULLO | G3: 0.78263889 | H3: 3:45 +1
A5: MEXICO | B5: AM | C5: 464 | D5: 46074 | E5: MEXICO | F5: PANAMA | G5: 0.37152778 | H5: 0.57361111
B6: AM | C6: 465 | D6: 46080 | E6: PANAMA | F6: MEXICO | G6: 0.61527778 | H6: 0.73958333
A8: São José do Rio Preto (SJP) | B8: LA | C8: 3837 | D8: 46075 | E8: SAO JOSE DO RIO PRETO | F8: SAO PAULLO | G8: 0.19444444 | H8: 0.24652778
B9: CM | C9: 700 | D9: 46075 | E9: SAO PAULO | F9: PANAMA | G9: 0.46527778 | H9: 0.66805556
B10: CM | C10: 205 | D10: 46079 | E10: PANAMA | F10: BRASILIA | G10: 0.68541667 | H10: 00:45 +1
B11: LA | C11: 4570 | D11: 46080 | E11: BRASILIA | F11: SAO JOSE DO RIO PRETO | G11: 0.35416667 | H11: 0.40625
A13: São Paulo (GRU) | B13: CM | C13: 744 | D13: 46075 | E13: SAO PAULO | F13: PANAMA | G13: 0.20138889 | H13: 0.40208333
B14: CM | C14: 743 | D14: 46079 | E14: PANAMA | F14: SAO PAULLO | G14: 0.78263889 | H14: 3:45 +1
A16: SANTIGO DE CHILE | B16: CM | C16: 396 | D16: 46075 | E16: CHILE | F16: PANAMA | G16: 0.22083333 | H16: 0.41875
B17: CM | C17: 172 | D17: 46079 | E17: PANAMA | F17: CHILE | G17: 0.76736111 | H17: 2:58 +1
A19: BOGOTA | B19: AVIANCA | C19: 58 | D19: 46075 | E19: BOGOTA | F19: PANAMA | G19: 0.30208333 | H19: 0.38194444
B20: AVIANCA | C20: 57 | D20: 46079 | E20: PANAMA | F20: BOGOTA | G20: 0.75694444 | H20: 0.82638889
A22: MEDELLIN | B22: CM | C22: 398 | D22: 46075 | E22: MEDELLIN | F22: PANAMA | G22: 0.38541667 | H22: 0.44722222
B23: CM | C23: 208 | D23: 46079 | E23: PANAMA | F23: MEDELLIN | G23: 0.775 | H23: 0.83333333
A25: COSTA RICA | B25: CM | C25: 763 | D25: 46075 | E25: SAN JOSE | F25: PANAMA | G25: 0.33680556 | H25: 0.43888889
B26: CM | C26: 460 | D26: 46079 | E26: PANAMA | F26: SAN JOSE | G26: 0.75694444 | H26: 0.77430556
A28: PARAGUAY | B28: CM | C28: 290 | D28: 46075 | E28: ASUNCION | F28: PANAMA | G28: 0.27777778 | H28: 0.44791667
B29: CM | C29: 297 | D29: 46079 | E29: PANAMA | F29: ASUNCION | G29: 0.78194444 | H29: 0.62152778
A31: ARGENTINA | B31: CM | C31: 364 | D31: 46076 | E31: BUENOS AIRES | F31: PANAMA | G31: 0.38194444 | H31: 0.60277778
B32: CM | C32: 454 | D32: 46079 | E32: PANAMA | F32: BUENOS AIRES | G32: 0.79375 | H32: 4:25 +1
A34: SAO PAULO | B34: CM | C34: 700 | D34: 46076 | E34: SAO PAULO | F34: PANAMA | G34: 0.46527778 | H34: 0.66805556
B35: CM | C35: 743 | D35: 46079 | E35: PANAMA | F35: SAO PAULLO | G35: 0.78263889 | H35: 3:45 +1
A37: RIO | B37: CM | C37: 487 | D37: 46076 | E37: RIO | F37: PANAMA | G37: 0.21180556 | H37: 0.425
B38: CM | C38: 486 | D38: 46079 | E38: PANAMA | F38: RIO | G38: 0.78194444 | H38: 4:00 +1
A40: SANTIGO DE CHILE | B40: CM | C40: 396 | D40: 46076 | E40: CHILE | F40: PANAMA | G40: 0.22083333 | H40: 0.41875
B41: CM | C41: 172 | D41: 46079 | E41: PANAMA | F41: CHILE | G41: 0.76736111 | H41: 2:58 +1
A43: BOGOTA | B43: AVIANCA | C43: 58 | D43: 46076 | E43: BOGOTA | F43: PANAMA | G43: 0.30208333 | H43: 0.38194444
B44: AVIANCA | C44: 57 | D44: 46079 | E44: PANAMA | F44: BOGOTA | G44: 0.75694444 | H44: 0.82638889
A46: CALI | B46: CM | C46: 842 | D46: 46076 | E46: CALI | F46: PANAMA | G46: 0.36041667 | H46: 0.43055556
B47: CM | C47: 163 | D47: 46079 | E47: PANAMA | F47: CALI | G47: 0.79513889 | H47: 0.85763889
A49: SAN JOSE | B49: CM | C49: 392 | D49: 46076 | E49: SAN JOSE | F49: PANAMA | G49: 0.36319444 | H49: 0.46458333
B50: CM | C50: 391 | D50: 46079 | E50: PANAMA | F50: SAN JOSE | G50: 0.77361111 | H50: 0.79097222
A52: MEXICO | B52: AM | C52: 464 | D52: 46076 | E52: MEXICO | F52: PANAMA | G52: 0.37152778 | H52: 0.57361111
B53: AM | C53: 465 | D53: 46080 | E53: PANAMA | F53: MEXICO | G53: 0.61527778 | H53: 0.73958333 | I53: REGRESANDO 27 SALE MAS ECONOMICO
A55: REP DOMINICANA | B55: CM | C55: 267 | D55: 46076 | E55: SANTO DOMINGO | F55: PANAMA | G55: 0.37083333 | H55: 0.4375
B56: CM | C56: 268 | D56: 46079 | E56: PANAMA | F56: SANTO DOMINGO | G56: 0.80972222 | H56: 0.95555556
A58: LIMA | B58: CM | C58: 462 | D58: 46076 | E58: LIMA | F58: PANAMA | G58: 0.29166667 | H58: 0.44791667
B59: CM | C59: 489 | D59: 46079 | E59: PANAMA | F59: LIMA | G59: 0.79236111 | H59: 0.94791667
A63: ORIGEN - DESTINO | B63: DISTANCIA | C63: TIEMPO (HORAS FLUIDAS) | D63: TIEMPO (HORAS CONGESTIONADAS | E63: RECOMENDACION LOGISTICA
A66: Hotel (Westin) / Oficinas Roche Zielo | B66: 0.5 – 1.5 km | C66: 3 – 5 min | D66: 15-20 min | E66: Traslado ultrasrápido. Se puede ir en bus o caminata asistida si el clima lo permite

Sheet CHILESheraton
B1: EMPRESA | C1: PRODUCTOS ROCHE
B2: FACTURA | C2: PRODUCTOS
B3: EVENTO | C3: CEAC 2027
B4: AREA
B5: FECHAS | C5: 22 - 26 FEBRERO 2027
B6: LUGAR | C6: SANTIAGO, CHILE
B7: SEDE | C7: SHERATON & CONVENTION CENTER
B8: PAX | C8: 105
B9: SOLICITANTE
B10: COORDINADORA AGENCIA | C10: GISELA HERNÁNDEZ
B11: COORDINADOR ROCHE
A13: No. | B13: DESCRIPCION | C13: COSTO | D13: No. | E13: No. | F13: SUBTOTAL | G13: 0.15 | H13: OTROS | I13: TOTAL
C14: UNIT | D14: SERVICIOS | E14: DIAS | F14: SIN IVA | G14: SERVICIO | H14: IMPUESTOS
B16: HOSPEDAJE
B17: Habitaciones dobles de lujo | C17: 245 | D17: 20 | E17: 4 | F17: =D17*E17*C17 -> 19600 | G17: =F17*(0/100) -> 0 | H17: 0 | I17: =SUM(F17:H17) -> 19600
B18: Habitaciones sencillas de lujo | C18: 225 | D18: 19 | E18: 4 | F18: =D18*E18*C18 -> 17100 | G18: =F18*(0/100) -> 0 | H18: 0 | I18: =SUM(F18:H18) -> 17100
B19: Habitación sencilla de lujo | C19: 225 | D19: 1 | E19: 5 | F19: =D19*E19*C19 -> 1125 | G19: =F19*(0/100) -> 0 | H19: 0 | I19: =SUM(F19:H19) -> 1125
B20: Habitación sencilla de lujo | C20: 225 | D20: 1 | E20: 6 | F20: =D20*E20*C20 -> 1350 | G20: =F20*(0/100) -> 0 | H20: 0 | I20: =SUM(F20:H20) -> 1350
B21: Habitaciones dobles de lujo | C21: 245 | D21: 22 | E21: 3 | F21: =D21*E21*C21 -> 16170 | G21: =F21*(0/100) -> 0 | H21: 0 | I21: =SUM(F21:H21) -> 16170
B22: Propina a botones, por persona por estadía | C22: 4 | D22: 105 | E22: 1 | F22: =D22*E22*C22 -> 420 | G22: =F22*(0/100) -> 0 | H22: 0 | I22: =SUM(F22:H22) -> 420
B23: Propina a Recamareras, por habitación por noche | C23: 4 | D23: 1 | E23: 6 | F23: =D23*E23*C23 -> 24 | G23: =F23*(0/100) -> 0 | H23: 0 | I23: =SUM(F23:H23) -> 24
B24: Propina a Recamareras, por habitación por noche | C24: 4 | D24: 1 | E24: 5 | F24: =D24*E24*C24 -> 20 | G24: =F24*(0/100) -> 0 | H24: 0 | I24: =SUM(F24:H24) -> 20
B25: Propina a Recamareras, por habitación por noche | C25: 4 | D25: 39 | E25: 4 | F25: =D25*E25*C25 -> 624 | G25: =F25*(0/100) -> 0 | H25: 0 | I25: =SUM(F25:H25) -> 624
B26: Propina a Recamareras, por habitación por noche | C26: 4 | D26: 22 | E26: 3 | F26: =D26*E26*C26 -> 264 | G26: =F26*(0/100) -> 0 | H26: 0 | I26: =SUM(F26:H26) -> 264
B27: Entrega de regalos en habitación (Precio Informativo) | C27: 4 | D27: 0 | E27: 0 | F27: =D27*E27*C27 -> 0 | G27: =F27*(0/100) -> 0 | H27: =F27*(3.5/100) -> 0 | I27: =SUM(F27:H27) -> 0
F28: =D28*E28*C28 -> 0 | G28: =F28*(0/100) -> 0 | H28: =F28*(3.5/100) -> 0 | I28: =SUM(F28:H28) -> 0
B29: SUB TOTAL | F29: =SUM(F17:F28) -> 56697 | G29: =SUM(G17:G28) -> 0 | H29: =SUM(H17:H28) -> 0 | I29: =SUM(I17:I28) -> 56697
B31: ALIMENTOS Y BEBIDAS
B32: Desayuno buffet en el restaurante del hotel | C32: 0 | D32: 105 | E32: 4 | F32: =C32*D32*E32 -> 0 | G32: =F32*(15/100) -> 0 | H32: 0 | I32: =SUM(F32:H32) -> 0
B33: Cena buffet de bienvenida en Observatorio Astronómico. | C33: 330 | D33: 105 | E33: 1 | F33: =C33*D33*E33 -> 34650 | G33: =F33*(15/100) -> 5197.5 | H33: 0 | I33: =SUM(F33:H33) -> 39847.5
B34: Bebida durante la cena (sodas, vino, cerveza, agua, café o te) por 2 hrs. | C34: 0 | D34: 105 | E34: 1 | F34: =C34*D34*E34 -> 0 | G34: =F34*(15/100) -> 0 | H34: 0 | I34: =SUM(F34:H34) -> 0
B35: Receso de café por 8 hrs. (incluye estación de café y te permanente) complementos mañana y tarde | C35: 52 | D35: 105 | E35: 2 | F35: =C35*D35*E35 -> 10920 | G35: =F35*(15/100) -> 1638 | H35: 0 | I35: =SUM(F35:H35) -> 12558
B36: Almuerzo buffet | C36: 60 | D36: 105 | E36: 2 | F36: =C36*D36*E36 -> 12600 | G36: =F36*(15/100) -> 1890 | H36: 0 | I36: =SUM(F36:H36) -> 14490
B37: Bebida durante el almuerzo (1 hr) Sodas, naranjadas, limonadas | C37: 16 | D37: 105 | E37: 2 | F37: =C37*D37*E37 -> 3360 | G37: =F37*(15/100) -> 504 | H37: 0 | I37: =SUM(F37:H37) -> 3864
B38: Cena buffet | C38: 105 | D38: 105 | E38: 1 | F38: =C38*D38*E38 -> 11025 | G38: =F38*(15/100) -> 1653.75 | H38: 0 | I38: =SUM(F38:H38) -> 12678.75
B39: Dos copas de vino durante la cena | C39: 22 | D39: 105 | E39: 1 | F39: =C39*D39*E39 -> 2310 | G39: =F39*(15/100) -> 346.5 | H39: 0 | I39: =SUM(F39:H39) -> 2656.5
B40: Cena buffet de clausura (en el Hotel - INFORMATIVO) | C40: 145 | D40: 105 | E40: 0 | F40: =C40*D40*E40 -> 0 | G40: =F40*(15/100) -> 0 | H40: 0 | I40: =SUM(F40:H40) -> 0
B41: Bebida premium de 20:00 a 02:00 hrs. (hOTEL - INFORMATIVO) | C41: 95 | D41: 105 | E41: 0 | F41: =C41*D41*E41 -> 0 | G41: =F41*(15/100) -> 0 | H41: 0 | I41: =SUM(F41:H41) -> 0
F42: =C42*D42*E42 -> 0 | G42: =F42*(15/100) -> 0 | I42: =SUM(F42:H42) -> 0
B43: SUB TOTAL | F43: =SUM(F32:F42) -> 74865 | G43: =SUM(G32:G42) -> 11229.75 | H43: =SUM(H32:H42) -> 0 | I43: =SUM(I32:I42) -> 86094.75
B45: MONTAJE / SALONES
B46: Salón Pedro de Valdivia (Plenaria) | C46: 4100 | D46: 1 | E46: 3 | F46: =C46*D46*E46 -> 12300 | G46: =F46*(15/100) -> 1845 | I46: =SUM(F46:H46) -> 14145
B47: Photo Opportunity. Back de 3x2.5m realizado en MDF terminado en vinil impreso en base a diseño. | C47: 8215 | D47: 1 | E47: 1 | F47: =C47*D47*E47 -> 8215 | G47: 0 | I47: =SUM(F47:H47) -> 8215
B48: Generación de gráficos y contenidos (save the date, invitaciones, reminders, master graphic) animación de MG | C48: 1575 | D48: 1 | E48: 1 | F48: =C48*D48*E48 -> 1575 | G48: =F48*(15/100) -> 236.25 | I48: =SUM(F48:H48) -> 1811.25
F49: =C49*D49*E49 -> 0 | G49: =F49*(15/100) -> 0 | I49: =SUM(F49:H49) -> 0
F50: =C50*D50*E50 -> 0 | G50: =F50*(15/100) -> 0 | I50: =SUM(F50:H50) -> 0
B51: SUB TOTAL | F51: =SUM(F46:F50) -> 22090 | G51: =SUM(G46:G50) -> 2081.25 | H51: =SUM(H46:H50) -> 0 | I51: =SUM(I46:I50) -> 24171.25
B53: EQUIPO AUDIOVISUAL
B54: Video
B55: Pantalla de 7.5 x 12 | C55: 113 | D55: 1 | E55: 3 | F55: =C55*D55*E55 -> 339 | G55: 0 | I55: =SUM(F55:H55) -> 339
B56: Proyector 5200 lumenes HD | C56: 204 | D56: 1 | E56: 3 | F56: =C56*D56*E56 -> 612 | G56: 0 | I56: =SUM(F56:H56) -> 612
B57: Internet dedicado 50MB por día | C57: 350 | D57: 1 | E57: 3 | F57: =C57*D57*E57 -> 1050 | G57: 0 | I57: =SUM(F57:H57) -> 1050
B58: Pantalla led de 3.5x2m. con tarima a 1.20 de altura | C58: 1506 | D58: 2 | E58: 2 | F58: =C58*D58*E58 -> 6024 | G58: 0 | I58: =SUM(F58:H58) -> 6024
B59: TV 55" retorno de piso | C59: 346 | D59: 2 | E59: 2 | F59: =C59*D59*E59 -> 1384 | G59: 0 | I59: =SUM(F59:H59) -> 1384
B60: Procesador de vídeo | C60: 1199 | D60: 1 | E60: 2 | F60: =C60*D60*E60 -> 2398 | G60: 0 | I60: =SUM(F60:H60) -> 2398
B61: Distribuidor de señal | C61: 52 | D61: 1 | E61: 2 | F61: =C61*D61*E61 -> 104 | G61: 0 | I61: =SUM(F61:H61) -> 104
B62: Switcher Roland | C62: 158 | D62: 1 | E62: 2 | F62: =C62*D62*E62 -> 316 | G62: 0 | I62: =SUM(F62:H62) -> 316
B63: Laptop para presentaciones | C63: 134 | D63: 2 | E63: 2 | F63: =C63*D63*E63 -> 536 | G63: 0 | I63: =SUM(F63:H63) -> 536
B64: Presentador inalambrico Perfect cue | C64: 106 | D64: 1 | E64: 2 | F64: =C64*D64*E64 -> 212 | G64: 0 | I64: =SUM(F64:H64) -> 212
B65: Sistema Intercom (X6) | C65: 139 | D65: 1 | E65: 2 | F65: =C65*D65*E65 -> 278 | G65: 0 | I65: =SUM(F65:H65) -> 278
B66: Video
B67: Equipo de sonido mediano | C67: 506 | D67: 1 | E67: 2 | F67: =C67*D67*E67 -> 1012 | G67: 0 | I67: =SUM(F67:H67) -> 1012
B68: Consola digital | C68: 323 | D68: 1 | E68: 2 | F68: =C68*D68*E68 -> 646 | G68: 0 | I68: =SUM(F68:H68) -> 646
B69: Micrófono inalámbrico de mano | C69: 81 | D69: 5 | E69: 2 | F69: =C69*D69*E69 -> 810 | G69: 0 | I69: =SUM(F69:H69) -> 810
B70: distribuidor de antena | C70: 139 | D70: 1 | E70: 2 | F70: =C70*D70*E70 -> 278 | G70: 0 | I70: =SUM(F70:H70) -> 278
B71: Laptop para reproducción de música | C71: 116 | D71: 1 | E71: 2 | F71: =C71*D71*E71 -> 232 | G71: 0 | I71: =SUM(F71:H71) -> 232
B72: DJ both + controlador | C72: 1332 | D72: 1 | E72: 2 | F72: =C72*D72*E72 -> 2664 | G72: 0 | I72: =SUM(F72:H72) -> 2664
B73: Iluminación
B74: Robótica Wash | C74: 346 | D74: 4 | E74: 2 | F74: =C74*D74*E74 -> 2768 | G74: 0 | I74: =SUM(F74:H74) -> 2768
B75: Robótica Beam | C75: 346 | D75: 4 | E75: 2 | F75: =C75*D75*E75 -> 2768 | G75: 0 | I75: =SUM(F75:H75) -> 2768
B76: Lekos | C76: 208 | D76: 4 | E76: 2 | F76: =C76*D76*E76 -> 1664 | G76: 0 | I76: =SUM(F76:H76) -> 1664
B77: Estructuras TRUSS MKII de 3 metros con placa a piso y funda | C77: 161 | D77: 4 | E77: 2 | F77: =C77*D77*E77 -> 1288 | G77: 0 | I77: =SUM(F77:H77) -> 1288
B78: Par led 64 | C78: 56 | D78: 20 | E78: 2 | F78: =C78*D78*E78 -> 2240 | G78: 0 | I78: =SUM(F78:H78) -> 2240
B79: Consola de iluminación | C79: 323 | D79: 1 | E79: 2 | F79: =C79*D79*E79 -> 646 | G79: 0 | I79: =SUM(F79:H79) -> 646
B80: Centro de carga | C80: 263 | D80: 1 | E80: 2 | F80: =C80*D80*E80 -> 526 | G80: 0 | I80: =SUM(F80:H80) -> 526
B81: Energía Eléctrica
B82: Planta de energía electrica de 100 Kvas con 100 mts de fider | C82: 1419 | D82: 1 | E82: 2 | F82: =C82*D82*E82 -> 2838 | G82: 0 | I82: =SUM(F82:H82) -> 2838
B83: Hora extra de planta de luz de 100 Kvas | C83: 142 | D83: 0 | E83: 0 | F83: =C83*D83*E83 -> 0 | G83: 0 | I83: =SUM(F83:H83) -> 0
B84: Yellowjackets | C84: 27 | D84: 10 | E84: 2 | F84: =C84*D84*E84 -> 540 | G84: 0 | I84: =SUM(F84:H84) -> 540
B85: Personal Técnico
B86: staff de montaje y desmontaje | C86: 101 | D86: 4 | E86: 2 | F86: =C86*D86*E86 -> 808 | G86: 0 | I86: =SUM(F86:H86) -> 808
B87: Técnico General | C87: 101 | D87: 8 | E87: 2 | F87: =C87*D87*E87 -> 1616 | G87: 0 | I87: =SUM(F87:H87) -> 1616
B88: Técnico de Video | C88: 126 | D88: 2 | E88: 2 | F88: =C88*D88*E88 -> 504 | G88: 0 | I88: =SUM(F88:H88) -> 504
B89: Técnico de Sonido | C89: 126 | D89: 1 | E89: 2 | F89: =C89*D89*E89 -> 252 | G89: 0 | I89: =SUM(F89:H89) -> 252
B90: Técnico de Iluminación | C90: 126 | D90: 1 | E90: 2 | F90: =C90*D90*E90 -> 252 | G90: 0 | I90: =SUM(F90:H90) -> 252
B91: Viáticos | C91: 43 | D91: 16 | E91: 2 | F91: =C91*D91*E91 -> 1376 | G91: 0 | I91: =SUM(F91:H91) -> 1376
B92: Transporte
B93: Transportación de equipo | C93: 630 | D93: 1 | E93: 1 | F93: =C93*D93*E93 -> 630 | G93: 0 | I93: =SUM(F93:H93) -> 630
B94: Coordinación y viáticos
B95: "Personal operativo que incluye: -Productor general -1 Coordinadores de área. -2 Runers -Stage hands propios para el proyecto" | C95: 2800 | D95: 1 | E95: 1 | F95: =C95*D95*E95 -> 2800 | G95: 0 | I95: =SUM(F95:H95) -> 2800
B96: Expendables, cintas gafer, precaución, doble cara, cinchos etc | C96: 400 | D96: 1 | E96: 1 | F96: =C96*D96*E96 -> 400 | G96: 0 | I96: =SUM(F96:H96) -> 400
B97: Habitación doble para staff OZUM terrestre | C97: 0 | D97: 1 | E97: 4 | F97: =C97*D97*E97 -> 0 | G97: 0 | I97: =SUM(F97:H97) -> 0
B98: Transportación aérea | C98: 910 | D98: 2 | E98: 1 | F98: =C98*D98*E98 -> 1820 | G98: 0 | I98: =SUM(F98:H98) -> 1820
B99: Fee de emisión | C99: 0 | D99: 1 | E99: 1 | F99: =C99*D99*E99 -> 0 | G99: 0 | I99: =SUM(F99:H99) -> 0
B100: Traslado terrestre | C100: 199 | D100: 1 | E100: 2 | F100: =C100*D100*E100 -> 398 | G100: 0 | I100: =SUM(F100:H100) -> 398
B101: Viáticos | C101: 110 | D101: 2 | E101: 4 | F101: =C101*D101*E101 -> 880 | G101: 0 | I101: =SUM(F101:H101) -> 880
C102: 0 | D102: 0 | E102: 0 | F102: =C102*D102*E102 -> 0 | G102: 0 | I102: =SUM(F102:H102) -> 0
B103: SUB TOTAL | F103: =SUM(F54:F102) -> 45909 | G103: =SUM(G54:G102) -> 0 | H103: =SUM(H54:H102) -> 0 | I103: =SUM(I54:I102) -> 45909
B105: STAND
C106: 0 | D106: 0 | E106: 0 | F106: 0 | I106: =SUM(F106:H106) -> 0
...

Sheet Rooming List

Sheet CHILEDoubletree
B1: EMPRESA | C1: PRODUCTOS ROCHE
B2: FACTURA | C2: PRODUCTOS
B3: EVENTO | C3: CEAC 2027
B4: AREA
B5: FECHAS | C5: 22 - 26 FEBRERO 2027
B6: LUGAR | C6: SANTIAGO, CHILE
B7: SEDE | C7: DOUBLETREE BY HILTON
B8: PAX | C8: 105
B9: SOLICITANTE
B10: COORDINADORA AGENCIA | C10: GISELA HERNÁNDEZ
B11: COORDINADOR ROCHE
A13: No. | B13: DESCRIPCION | C13: COSTO | D13: No. | E13: No. | F13: SUBTOTAL | G13: 0.15 | H13: OTROS | I13: TOTAL
C14: UNIT | D14: SERVICIOS | E14: DIAS | F14: SIN IVA | G14: SERVICIO | H14: IMPUESTOS
B16: HOSPEDAJE
B17: Habitaciones dobles de lujo | C17: 154 | D17: 20 | E17: 4 | F17: =D17*E17*C17 -> 12320 | G17: =F17*(0/100) -> 0 | H17: 0 | I17: =SUM(F17:H17) -> 12320
B18: Habitaciones sencillas de lujo | C18: 140 | D18: 19 | E18: 4 | F18: =D18*E18*C18 -> 10640 | G18: =F18*(0/100) -> 0 | H18: 0 | I18: =SUM(F18:H18) -> 10640
B19: Habitación sencilla de lujo | C19: 140 | D19: 1 | E19: 5 | F19: =D19*E19*C19 -> 700 | G19: =F19*(0/100) -> 0 | H19: 0 | I19: =SUM(F19:H19) -> 700
B20: Habitación sencilla de lujo | C20: 140 | D20: 1 | E20: 6 | F20: =D20*E20*C20 -> 840 | G20: =F20*(0/100) -> 0 | H20: 0 | I20: =SUM(F20:H20) -> 840
B21: Habitaciones dobles de lujo | C21: 154 | D21: 22 | E21: 3 | F21: =D21*E21*C21 -> 10164 | G21: =F21*(0/100) -> 0 | H21: 0 | I21: =SUM(F21:H21) -> 10164
B22: Propina a botones, por persona por estadía | C22: 4 | D22: 105 | E22: 1 | F22: =D22*E22*C22 -> 420 | G22: =F22*(0/100) -> 0 | H22: 0 | I22: =SUM(F22:H22) -> 420
B23: Propina a Recamareras, por habitación por noche | C23: 2 | D23: 1 | E23: 6 | F23: =D23*E23*C23 -> 12 | G23: =F23*(0/100) -> 0 | H23: 0 | I23: =SUM(F23:H23) -> 12
B24: Propina a Recamareras, por habitación por noche | C24: 2 | D24: 1 | E24: 5 | F24: =D24*E24*C24 -> 10 | G24: =F24*(0/100) -> 0 | H24: 0 | I24: =SUM(F24:H24) -> 10
B25: Propina a Recamareras, por habitación por noche | C25: 2 | D25: 39 | E25: 4 | F25: =D25*E25*C25 -> 312 | G25: =F25*(0/100) -> 0 | H25: 0 | I25: =SUM(F25:H25) -> 312
B26: Propina a Recamareras, por habitación por noche | C26: 2 | D26: 22 | E26: 3 | F26: =D26*E26*C26 -> 132 | G26: =F26*(0/100) -> 0 | H26: 0 | I26: =SUM(F26:H26) -> 132
B27: Entrega de regalos en habitación (Precio Informativo) | C27: 4 | D27: 0 | E27: 0 | F27: =D27*E27*C27 -> 0 | G27: =F27*(0/100) -> 0 | H27: =F27*(3.5/100) -> 0 | I27: =SUM(F27:H27) -> 0
F28: =D28*E28*C28 -> 0 | G28: =F28*(0/100) -> 0 | H28: =F28*(3.5/100) -> 0 | I28: =SUM(F28:H28) -> 0
B29: SUB TOTAL | F29: =SUM(F17:F28) -> 35550 | G29: =SUM(G17:G28) -> 0 | H29: =SUM(H17:H28) -> 0 | I29: =SUM(I17:I28) -> 35550
B31: ALIMENTOS Y BEBIDAS
B32: Desayuno buffet en el restaurante del hotel | C32: 0 | D32: 105 | E32: 4 | F32: =C32*D32*E32 -> 0 | G32: =F32*(15/100) -> 0 | H32: 0 | I32: =SUM(F32:H32) -> 0
B33: Cena buffet de bienvenida en Observatorio Astronómico. | C33: 330 | D33: 105 | E33: 1 | F33: =C33*D33*E33 -> 34650 | G33: =F33*(15/100) -> 5197.5 | H33: 0 | I33: =SUM(F33:H33) -> 39847.5
B34: Bebida durante la cena (sodas, vino, cerveza, agua, café o te) por 2 hrs. | C34: 0 | D34: 105 | E34: 1 | F34: =C34*D34*E34 -> 0 | G34: =F34*(15/100) -> 0 | H34: 0 | I34: =SUM(F34:H34) -> 0
B35: Receso de café por 8 hrs. (incluye estación de café y te permanente) complementos mañana y tarde | C35: 39 | D35: 105 | E35: 2 | F35: =C35*D35*E35 -> 8190 | G35: =F35*(15/100) -> 1228.5 | H35: 0 | I35: =SUM(F35:H35) -> 9418.5
B36: Almuerzo buffet | C36: 79 | D36: 105 | E36: 2 | F36: =C36*D36*E36 -> 16590 | G36: =F36*(15/100) -> 2488.5 | H36: 0 | I36: =SUM(F36:H36) -> 19078.5
B37: Bebida durante el almuerzo (1 hr) Sodas, naranjadas, limonadas | C37: 22 | D37: 105 | E37: 2 | F37: =C37*D37*E37 -> 4620 | G37: =F37*(15/100) -> 693 | H37: 0 | I37: =SUM(F37:H37) -> 5313
B38: Cena buffet | C38: 125 | D38: 105 | E38: 1 | F38: =C38*D38*E38 -> 13125 | G38: =F38*(15/100) -> 1968.75 | H38: 0 | I38: =SUM(F38:H38) -> 15093.75
B39: Dos copas de vino durante la cena | C39: 28 | D39: 105 | E39: 1 | F39: =C39*D39*E39 -> 2940 | G39: =F39*(15/100) -> 441 | H39: 0 | I39: =SUM(F39:H39) -> 3381
B40: Cena buffet de clausura (en el Hotel - INFORMATIVO) | C40: 180 | D40: 105 | E40: 0 | F40: =C40*D40*E40 -> 0 | G40: =F40*(15/100) -> 0 | H40: 0 | I40: =SUM(F40:H40) -> 0
B41: Bebida premium de 20:00 a 02:00 hrs. (hOTEL - INFORMATIVO) | C41: 95 | D41: 105 | E41: 0 | F41: =C41*D41*E41 -> 0 | G41: =F41*(15/100) -> 0 | H41: 0 | I41: =SUM(F41:H41) -> 0
F42: =C42*D42*E42 -> 0 | G42: =F42*(15/100) -> 0 | I42: =SUM(F42:H42) -> 0
B43: SUB TOTAL | F43: =SUM(F32:F42) -> 80115 | G43: =SUM(G32:G42) -> 12017.25 | H43: =SUM(H32:H42) -> 0 | I43: =SUM(I32:I42) -> 92132.25
B45: MONTAJE / SALONES
B46: Salón Gran Alonso (Plenaria) | C46: 3050 | D46: 1 | E46: 3 | F46: =C46*D46*E46 -> 9150 | G46: =F46*(15/100) -> 1372.5 | I46: =SUM(F46:H46) -> 10522.5
B47: Photo Opportunity. Back de 3x2.5m realizado en MDF terminado en vinil impreso en base a diseño. | C47: 8215 | D47: 1 | E47: 1 | F47: =C47*D47*E47 -> 8215 | G47: 0 | I47: =SUM(F47:H47) -> 8215
B48: Generación de gráficos y contenidos (save the date, invitaciones, reminders, master graphic) animación de MG | C48: 1575 | D48: 1 | E48: 1 | F48: =C48*D48*E48 -> 1575 | G48: =F48*(15/100) -> 236.25 | I48: =SUM(F48:H48) -> 1811.25
F49: =C49*D49*E49 -> 0 | G49: =F49*(15/100) -> 0 | I49: =SUM(F49:H49) -> 0
F50: =C50*D50*E50 -> 0 | G50: =F50*(15/100) -> 0 | I50: =SUM(F50:H50) -> 0
B51: SUB TOTAL | F51: =SUM(F46:F50) -> 18940 | G51: =SUM(G46:G50) -> 1608.75 | H51: =SUM(H46:H50) -> 0 | I51: =SUM(I46:I50) -> 20548.75
B53: EQUIPO AUDIOVISUAL
B54: Video
B55: Pantalla de 7.5 x 12 | C55: 113 | D55: 1 | E55: 3 | F55: =C55*D55*E55 -> 339 | G55: 0 | I55: =SUM(F55:H55) -> 339
B56: Proyector 5200 lumenes HD | C56: 204 | D56: 1 | E56: 3 | F56: =C56*D56*E56 -> 612 | G56: 0 | I56: =SUM(F56:H56) -> 612
B57: Internet dedicado 50MB por día | C57: 1250 | D57: 1 | E57: 3 | F57: =C57*D57*E57 -> 3750 | G57: 0 | I57: =SUM(F57:H57) -> 3750
B58: Pantalla led de 3.5x2m. con tarima a 1.20 de altura | C58: 1506 | D58: 2 | E58: 2 | F58: =C58*D58*E58 -> 6024 | G58: 0 | I58: =SUM(F58:H58) -> 6024
B59: TV 55" retorno de piso | C59: 346 | D59: 2 | E59: 2 | F59: =C59*D59*E59 -> 1384 | G59: 0 | I59: =SUM(F59:H59) -> 1384
B60: Procesador de vídeo | C60: 1199 | D60: 1 | E60: 2 | F60: =C60*D60*E60 -> 2398 | G60: 0 | I60: =SUM(F60:H60) -> 2398
B61: Distribuidor de señal | C61: 52 | D61: 1 | E61: 2 | F61: =C61*D61*E61 -> 104 | G61: 0 | I61: =SUM(F61:H61) -> 104
B62: Switcher Roland | C62: 158 | D62: 1 | E62: 2 | F62: =C62*D62*E62 -> 316 | G62: 0 | I62: =SUM(F62:H62) -> 316
B63: Laptop para presentaciones | C63: 134 | D63: 2 | E63: 2 | F63: =C63*D63*E63 -> 536 | G63: 0 | I63: =SUM(F63:H63) -> 536
B64: Presentador inalambrico Perfect cue | C64: 106 | D64: 1 | E64: 2 | F64: =C64*D64*E64 -> 212 | G64: 0 | I64: =SUM(F64:H64) -> 212
B65: Sistema Intercom (X6) | C65: 139 | D65: 1 | E65: 2 | F65: =C65*D65*E65 -> 278 | G65: 0 | I65: =SUM(F65:H65) -> 278
B66: Video
B67: Equipo de sonido mediano | C67: 506 | D67: 1 | E67: 2 | F67: =C67*D67*E67 -> 1012 | G67: 0 | I67: =SUM(F67:H67) -> 1012
B68: Consola digital | C68: 323 | D68: 1 | E68: 2 | F68: =C68*D68*E68 -> 646 | G68: 0 | I68: =SUM(F68:H68) -> 646
B69: Micrófono inalámbrico de mano | C69: 81 | D69: 5 | E69: 2 | F69: =C69*D69*E69 -> 810 | G69: 0 | I69: =SUM(F69:H69) -> 810
B70: distribuidor de antena | C70: 139 | D70: 1 | E70: 2 | F70: =C70*D70*E70 -> 278 | G70: 0 | I70: =SUM(F70:H70) -> 278
B71: Laptop para reproducción de música | C71: 116 | D71: 1 | E71: 2 | F71: =C71*D71*E71 -> 232 | G71: 0 | I71: =SUM(F71:H71) -> 232
B72: DJ both + controlador | C72: 1332 | D72: 1 | E72: 2 | F72: =C72*D72*E72 -> 2664 | G72: 0 | I72: =SUM(F72:H72) -> 2664
B73: Iluminación
B74: Robótica Wash | C74: 346 | D74: 4 | E74: 2 | F74: =C74*D74*E74 -> 2768 | G74: 0 | I74: =SUM(F74:H74) -> 2768
B75: Robótica Beam | C75: 346 | D75: 4 | E75: 2 | F75: =C75*D75*E75 -> 2768 | G75: 0 | I75: =SUM(F75:H75) -> 2768
B76: Lekos | C76: 208 | D76: 4 | E76: 2 | F76: =C76*D76*E76 -> 1664 | G76: 0 | I76: =SUM(F76:H76) -> 1664
B77: Estructuras TRUSS MKII de 3 metros con placa a piso y funda | C77: 161 | D77: 4 | E77: 2 | F77: =C77*D77*E77 -> 1288 | G77: 0 | I77: =SUM(F77:H77) -> 1288
B78: Par led 64 | C78: 56 | D78: 20 | E78: 2 | F78: =C78*D78*E78 -> 2240 | G78: 0 | I78: =SUM(F78:H78) -> 2240
B79: Consola de iluminación | C79: 323 | D79: 1 | E79: 2 | F79: =C79*D79*E79 -> 646 | G79: 0 | I79: =SUM(F79:H79) -> 646
B80: Centro de carga | C80: 263 | D80: 1 | E80: 2 | F80: =C80*D80*E80 -> 526 | G80: 0 | I80: =SUM(F80:H80) -> 526
B81: Energía Eléctrica
B82: Planta de energía electrica de 100 Kvas con 100 mts de fider | C82: 1419 | D82: 1 | E82: 2 | F82: =C82*D82*E82 -> 2838 | G82: 0 | I82: =SUM(F82:H82) -> 2838
B83: Hora extra de planta de luz de 100 Kvas | C83: 142 | D83: 0 | E83: 0 | F83: =C83*D83*E83 -> 0 | G83: 0 | I83: =SUM(F83:H83) -> 0
B84: Yellowjackets | C84: 27 | D84: 10 | E84: 2 | F84: =C84*D84*E84 -> 540 | G84: 0 | I84: =SUM(F84:H84) -> 540
B85: Personal Técnico
B86: staff de montaje y desmontaje | C86: 101 | D86: 4 | E86: 2 | F86: =C86*D86*E86 -> 808 | G86: 0 | I86: =SUM(F86:H86) -> 808
B87: Técnico General | C87: 101 | D87: 8 | E87: 2 | F87: =C87*D87*E87 -> 1616 | G87: 0 | I87: =SUM(F87:H87) -> 1616
B88: Técnico de Video | C88: 126 | D88: 2 | E88: 2 | F88: =C88*D88*E88 -> 504 | G88: 0 | I88: =SUM(F88:H88) -> 504
B89: Técnico de Sonido | C89: 126 | D89: 1 | E89: 2 | F89: =C89*D89*E89 -> 252 | G89: 0 | I89: =SUM(F89:H89) -> 252
B90: Técnico de Iluminación | C90: 126 | D90: 1 | E90: 2 | F90: =C90*D90*E90 -> 252 | G90: 0 | I90: =SUM(F90:H90) -> 252
B91: Viáticos | C91: 43 | D91: 16 | E91: 2 | F91: =C91*D91*E91 -> 1376 | G91: 0 | I91: =SUM(F91:H91) -> 1376
B92: Transporte
B93: Transportación de equipo | C93: 630 | D93: 1 | E93: 1 | F93: =C93*D93*E93 -> 630 | G93: 0 | I93: =SUM(F93:H93) -> 630
B94: Coordinación y viáticos
B95: "Personal operativo que incluye: -Productor general -1 Coordinadores de área. -2 Runers -Stage hands propios para el proyecto" | C95: 2800 | D95: 1 | E95: 1 | F95: =C95*D95*E95 -> 2800 | G95: 0 | I95: =SUM(F95:H95) -> 2800
B96: Expendables, cintas gafer, precaución, doble cara, cinchos etc | C96: 400 | D96: 1 | E96: 1 | F96: =C96*D96*E96 -> 400 | G96: 0 | I96: =SUM(F96:H96) -> 400
B97: Habitación doble para staff OZUM terrestre | C97: 0 | D97: 1 | E97: 4 | F97: =C97*D97*E97 -> 0 | G97: 0 | I97: =SUM(F97:H97) -> 0
B98: Transportación aérea | C98: 910 | D98: 2 | E98: 1 | F98: =C98*D98*E98 -> 1820 | G98: 0 | I98: =SUM(F98:H98) -> 1820
B99: Fee de emisión | C99: 0 | D99: 1 | E99: 1 | F99: =C99*D99*E99 -> 0 | G99: 0 | I99: =SUM(F99:H99) -> 0
B100: Traslado terrestre | C100: 199 | D100: 1 | E100: 2 | F100: =C100*D100*E100 -> 398 | G100: 0 | I100: =SUM(F100:H100) -> 398
B101: Viáticos | C101: 110 | D101: 2 | E101: 4 | F101: =C101*D101*E101 -> 880 | G101: 0 | I101: =SUM(F101:H101) -> 880
C102: 0 | D102: 0 | E102: 0 | F102: =C102*D102*E102 -> 0 | G102: 0 | I102: =SUM(F102:H102) -> 0
B103: SUB TOTAL | F103: =SUM(F54:F102) -> 48609 | G103: =SUM(G54:G102) -> 0 | H103: =SUM(H54:H102) -> 0 | I103: =SUM(I54:I102) -> 48609
B105: STAND
C106: 0 | D106: 0 | E106: 0 | F106: 0 | I106: =SUM(F106:H106) -> 0
...

Sheet ITINERARIO AEREO CHILE
A1: DESTINO DE SALIDA | B1: AEROLINEA | C1: VUELO | D1: FECHA | E1: ORIGEN | F1: DESTINO | G1: SALE | H1: LLEGA | I1: OBSERVACIONES
A2: São Paulo (GRU) | B2: LATAM | C2: 757 | D2: 46074 | E2: SAO PAULO | F2: CHILE | G2: 0.36111111 | H2: 0.53472222
B3: LATAM | C3: 8105 | D3: 46079 | E3: CHILE | F3: SAO PAULLO | G3: 0.77083333 | H3: 0.9375
A5: MEXICO | B5: LATAM | C5: 621 | D5: 46073 | E5: MEXICO | F5: CHILE | G5: 0.82638889 | H5: 7:00 +1
B6: LATAM | C6: 622 | D6: 46080 | E6: CHILE | F6: MEXICO | G6: 0.39930556 | H6: 0.63541667
A8: São José do Rio Preto (SJP) | B8: LA | C8: 3837 | D8: 46075 | E8: SAO JOSE DO RIO PRETO | F8: SAO PAULLO | G8: 0.19444444 | H8: 0.24652778
B9: LA | C9: 715 | D9: 46075 | E9: SAO PAULO | F9: CHILE | G9: 0.29861111 | H9: 0.46875
B10: LA | C10: 8155 | D10: 46079 | E10: CHILE | F10: SAO PAULO | G10: 0.65972222 | H10: 0.82638889
B11: LA | C11: 3836 | D11: 46080 | E11: SAO PAULO | F11: SAO JOSE DO RIO PRETO | G11: 0.92361111 | H11: 0.97222222
A13: São Paulo (GRU) | B13: LATAM | C13: 757 | D13: 46074 | E13: SAO PAULO | F13: CHILE | G13: 0.36111111 | H13: 0.53472222
B14: LATAM | C14: 8105 | D14: 46079 | E14: CHILE | F14: SAO PAULLO | G14: 0.77083333 | H14: 0.9375
A16: BOGOTA | B16: AVIANCA | C16: 115 | D16: 46075 | E16: BOGOTA | F16: CHILE | G16: 0.29861111 | H16: 0.63194444
B17: AVIANCA | C17: 116 | D17: 46079 | E17: CHILE | F17: BOGOTA | G17: 0.67708333 | H17: 0.84722222
A19: MEDELLIN | B19: AVIANCA | C19: 9378 | D19: 46075 | E19: MEDELLIN | F19: BOGOTA | G19: 0.079861111 | H19: 0.12152778
B20: AVIANCA | C20: 115 | D20: 46075 | E20: BOGOTA | F20: CHILE | G20: 0.29861111 | H20: 0.63194444
B21: AVIANCA | C21: 116 | D21: 46079 | E21: CHILE | F21: BOGOTA | G21: 0.67708333 | H21: 0.84722222
B22: AVIANCA | C22: 9342 | D22: 46079 | E22: BOGOTA | F22: MEDELLIN | G22: 0.94097222 | H22: 0.98611111
A24: COSTA RICA | B24: AVIANCA | C24: 6930 | D24: 46075 | E24: SAN JOSE | F24: BOGOTA | G24: 0.076388889 | H24: 0.21180556
B25: AVIANCA | C25: 115 | D25: 46075 | E25: BOGOTA | F25: CHILE | G25: 0.29861111 | H25: 0.63194444
B26: AVIANCA | C26: 116 | D26: 46079 | E26: CHILE | F26: BOGOTA | G26: 0.67708333 | H26: 0.84722222
B27: AVIANCA | C27: 692 | D27: 46079 | E27: BOGOTA | F27: SAN JOSE | G27: 0.96875 | H27: 00:30 +1
A29: MEXICO | B29: AEROMEXICO | C29: 10 | D29: 46074 | E29: MEXICO | F29: CHILE | G29: 0.41319444 | H29: 0.88541667
B30: AEROMEXICO | C30: 11 | D30: 46079 | E30: CHILE | F30: MEXICO | G30: 0.97569444 | H30: 5:00 +1
A32: PANAMA | B32: CM | C32: 277 | D32: 46074 | E32: PANAMA | F32: CHILE | G32: 0.89166667 | H32: 5:59 +1
B33: CM | C33: 118 | D33: 46080 | E33: CHILE | F33: PANAMA | G33: 0.067361111 | H33: 0.26319444
A35: PARAGUAY | B35: LATAM | C35: 1305 | D35: 46075 | E35: ASUNCION | F35: CHILE | G35: 0.5 | H35: 0.61527778
B36: LATAM | C36: 1304 | D36: 46079 | E36: CHILE | F36: ASUNCION | G36: 0.61805556 | H36: 0.72777778
A38: PERU | B38: LATAM | C38: 2697 | D38: 46075 | E38: LIMA | F38: CHILE | G38: 0.39930556 | H38: 0.625
B39: LATAM | C39: 508 | D39: 46079 | E39: CHILE | F39: LIMA | G39: 0.85069444 | H39: 0.92361111
A41: ARGENTINA | B41: KL | C41: 701 | D41: 46075 | E41: BUENOS AIRES | F41: CHILE | G41: 0.39236111 | H41: 0.48611111
B42: KL | C42: 702 | D42: 46080 | E42: CHILE | F42: BUENOS AIRES | G42: 0.54861111 | H42: 0.63194444
A44: São Paulo (GRU) | B44: LATAM | C44: 757 | D44: 46076 | E44: SAO PAULO | F44: CHILE | G44: 0.36111111 | H44: 0.53472222
B45: LATAM | C45: 8105 | D45: 46079 | E45: CHILE | F45: SAO PAULLO | G45: 0.77083333 | H45: 0.9375
A47: BOGOTA | B47: AVIANCA | C47: 115 | D47: 46076 | E47: BOGOTA | F47: CHILE | G47: 0.29861111 | H47: 0.63194444
B48: AVIANCA | C48: 116 | D48: 46079 | E48: CHILE | F48: BOGOTA | G48: 0.67708333 | H48: 0.84722222
A50: CALI | B50: LATAM | C50: 4060 | D50: 46076 | E50: CALI | F50: BOGOTA | G50: 0.22222222 | H50: 0.26736111
B51: LATAM | C51: 653 | D51: 46076 | E51: BOGOTA | F51: CHILE | G51: 0.34375 | H51: 0.65833333
B52: LATAM | C52: 710 | D52: 46079 | E52: CHILE | F52: BOGOTA | G52: 0.69097222 | H52: 0.88194444
B53: LATAM | C53: 4087 | D53: 46079 | E53: BOGOTA | F53: CALI | G53: 0.98611111 | H53: 00:50 +1
A55: COSTA RICA | B55: AVIANCA | C55: 6930 | D55: 46076 | E55: SAN JOSE | F55: BOGOTA | G55: 0.076388889 | H55: 0.21180556
B56: AVIANCA | C56: 115 | D56: 46076 | E56: BOGOTA | F56: CHILE | G56: 0.29861111 | H56: 0.63194444
B57: AVIANCA | C57: 116 | D57: 46079 | E57: CHILE | F57: BOGOTA | G57: 0.67708333 | H57: 0.84722222
B58: AVIANCA | C58: 692 | D58: 46079 | E58: BOGOTA | F58: SAN JOSE | G58: 0.96875 | H58: 00:30 +1
A60: MEXICO | B60: AEROMEXICO | C60: 10 | D60: 46075 | E60: MEXICO | F60: CHILE | G60: 0.41319444 | H60: 0.88541667
B61: AEROMEXICO | C61: 11 | D61: 46079 | E61: CHILE | F61: MEXICO | G61: 0.97569444 | H61: 5:00 +1
A63: REP DOMINICANA | B63: CM | C63: 267 | D63: 46075 | E63: REP. DOMINICANA | F63: PANAMA | G63: 0.36458333 | H63: 0.4375
B64: CM | C64: 395 | D64: 46075 | E64: PANAMA | F64: CHILE | G64: 0.49166667 | H64: 0.84652778
B65: CM | C65: 468 | D65: 46080 | E65: CHILE | F65: PANAMA | G65: 0.51805556 | H65: 0.71597222
B66: CM | C66: 268 | D66: 46080 | E66: PANAMA | F66: REP. DOMINICANA | G66: 0.80972222 | H66: 0.95555556
A71: ORIGEN - DESTINO | B71: DISTANCIA | C71: TIEMPO (HORAS FLUIDAS) | D71: TIEMPO (HORAS CONGESTIONADAS | E71: RECOMENDACION LOGISTICA
A74: Hotel (Westin) / Oficinas Roche Zielo | B74: 0.5 – 1.5 km | C74: 3 – 5 min | D74: 15-20 min | E74: Traslado ultrasrápido. Se puede ir en bus o caminata asistida si el clima lo permite
